 Dungeon Crawl Stone Soup version 0.25-a0-42-g6c54e25894 (webtiles) character file.

Game seed: 11130458655515480569, levelgen mode: deterministic

14815894 magipi the Heavyweight Champion (level 27, 199/306 (314) HPs)
             Began as a Troll Hunter on Oct 21, 2019.
             Was the Champion of Makhleb.
             Escaped with the Orb
             ... and 15 runes on Oct 22, 2019!
             The game lasted 09:13:22 (106773 turns).

magipi the Heavyweight Champion (Troll Hunter)    Turns: 106773, Time: 09:13:23

HP:   199/306 (314) AC: 42    Str: 28    XL:     27
MP:   35/36         EV: 20    Int:  9    God:    Makhleb [******]
Gold: 8001          SH: 34    Dex: 16    Spells: 39/46 levels left

rFire    + . .     SeeInvis +     - Unarmed
rCold    + . .     Gourm    +   K - +7 large shield of Springtime {MR+}
rNeg     . . .     Faith    .   p - +12 gold dragon scales
rPois    +         Spirit   .   U - +0 mask of the Dragon {MR+ Slay+3 SInv}
rElec    .         Reflect  +   O - +2 cloak of the Thief {+Fog Slay-2 SInv Stlth+}
rCorr    +         Harm     .   (gloves unavailable)
MR       +++++                  (boots unavailable)
Stlth    ..........             r - +6 amulet of reflection
HPRegen  1.81/turn              v - ring of Phasing {EV+8}
MPRegen  0.25/turn              o - ring "Luruapy" {MR+ rCorr Dex+3 Slay+3 Stlth-}

@: no status effects
A: large, unfitting armour, claws 3, fangs 1, rugged brown scales 1, clumsy 1,
deterioration 1, dopey 1, fast metabolism 3, gourmand, regeneration 3, shaggy
fur 1, tough skin 3
0: Orb of Zot
}: 15/15 runes: serpentine, barnacled, slimy, silver, golden, iron, obsidian,
icy, bone, abyssal, demonic, glowing, magical, fiery, dark
a: Minor Destruction, Lesser Servant of Makhleb, Major Destruction, Greater
Servant of Makhleb, Renounce Religion, Evoke Fog


You escaped.
You worshipped Makhleb.
Makhleb was exalted by your worship.
You were very full.

You visited 18 branches of the dungeon, and saw 90 of its levels.
You visited Pandemonium 2 times, and saw 15 of its levels.
You visited the Abyss 2 times.
You visited 2 bazaars.
You also visited: Trove, Sewer, Bailey and Ice Cave.

You collected 14414 gold pieces.
You spent 6413 gold pieces at shops.

Inventory:

Missiles
 y - 82 large rocks
 F - 14 throwing nets (quivered)
 R - 17 curare-tipped darts
Armour
 p - +12 gold dragon scales (worn)
   (You found it on level 4 of the Realm of Zot)
 K - the +7 large shield of Springtime (worn) {MR+}
   (You took it off Louise on level 14 of the Dungeon)

   It affects your resistance to hostile enchantments.
 O - the +2 cloak of the Thief (worn) {+Fog Slay-2 SInv Stlth+}
   (You found it on level 7 of Tartarus)

   It affects your accuracy and damage with ranged weapons and melee attacks
   (-2).
   It lets you see invisible.
   It makes you more stealthy.
 U - the +0 mask of the Dragon (worn) {MR+ Slay+3 SInv}
   (You bought it in a shop on level 2 of the Orcish Mines)

   It affects your accuracy and damage with ranged weapons and melee attacks
   (+3).
   It affects your resistance to hostile enchantments.
   It lets you see invisible.
Jewellery
 e - the ring "Suzad" {rElec rPois Str+5 Slay+1}
   (You found it in Pandemonium)

   [ring of slaying]

   It affects your strength (+5).
   It affects your accuracy and damage with ranged weapons and melee attacks
   (+1).
   It insulates you from electricity.
   It protects you from poison.
 f - an uncursed ring of protection from fire
   (You found it on level 2 of the Depths)
 n - an uncursed ring of positive energy
   (You found it on level 3 of the Dungeon)
 o - the ring "Luruapy" (right claw) {MR+ rCorr Dex+3 Slay+3 Stlth-}
   (You found it on level 3 of the Tomb of the Ancients)

   [ring of resist corrosion]

   It affects your dexterity (+3).
   It affects your accuracy and damage with ranged weapons and melee attacks
   (+3).
   It affects your resistance to hostile enchantments.
   It provides partial protection from all sources of acid and corrosion.
   It makes you less stealthy.
 r - a +6 amulet of reflection (around neck)
   (You found it on level 1 of the Shoals)
 v - the ring of Phasing (left claw) {EV+8}
   (You bought it in a shop in a bazaar)

   [ring of evasion]

   It affects your evasion (+8).
Wands
 d - a wand of digging (1)
   (You found it in Pandemonium)
 D - a wand of enslavement (17)
   (You found it on level 14 of the Dungeon)
 G - a wand of acid (9)
   (You bought it in a shop on level 2 of the Orcish Mines)
 I - a wand of paralysis (70)
   (You bought it in a shop in a bazaar)
 J - a wand of scattershot (7)
   (You found it on level 1 of the Tomb of the Ancients)
 L - a wand of iceblast (5)
   (You bought it in a shop on level 2 of the Elven Halls)
 V - a wand of polymorph (17)
   (You found it on level 2 of the Depths)
 X - a wand of clouds (38)
   (You bought it in a shop on level 2 of the Orcish Mines)
Scrolls
 a - 30 scrolls of remove curse
 i - 8 scrolls of magic mapping
 j - 46 scrolls of identify
 l - 8 scrolls of blinking
 m - a scroll of summoning
 s - 6 scrolls of teleportation
 C - 6 scrolls of fear
 H - 2 scrolls of holy word
 N - 5 scrolls of immolation
 Q - 4 scrolls of fog
Potions
 b - 6 potions of flight
 c - a potion of agility
 g - 13 potions of heal wounds
 h - 4 potions of ambrosia
 k - a potion of haste
 q - 9 potions of cancellation
 u - a potion of resistance
 w - 8 potions of magic
 B - 3 potions of curing
 E - a potion of berserk rage
 P - 6 potions of invisibility
 S - 6 potions of mutation
Miscellaneous
 z - a figurine of a ziggurat
 A - a fan of gales
   (You found it in an ice cave)
 T - 5 boxes of beasts
 W - a lamp of fire
   (You found it on level 1 of the Elven Halls)
 Y - 5 phantom mirrors
 Z - 4 sacks of spiders
Comestibles
 x - 53 rations


   Skills:
 + Level 23.1 Fighting
 + Level 25.3 Throwing
 - Level 17.0 Armour
 - Level 16.0 Dodging
 - Level 0.3 Stealth
 - Level 15.0 Shields
 O Level 27 Unarmed Combat
 - Level 10.0 Spellcasting
 - Level 14.0 Translocations
 - Level 15.0 Invocations
 - Level 20.0 Evocations


You had 39 spell levels left.
You knew the following spells:

 Your Spells              Type           Power        Failure   Level  Hunger
a - Apportation           Tloc           ####..       1%          1    None
b - Blink                 Tloc           N/A          1%          2    #......
g - Passage of Golubria   Tloc           N/A          7%          4    ####...

Your spell library contained the following spells:

 Spells                   Type           Power        Failure   Level  Hunger
 Gell's Gravitas          Tloc           ####......   2%          3    ##.....
 Lesser Beckoning         Tloc           ####......   2%          3    ##.....
 Teleport Other           Tloc           ####....     2%          3    ##.....
 Shroud of Golubria       Chrm/Tloc      ###...       19%         2    #......
 Portal Projectile        Hex/Tloc       ###...       36%         3    ##.....
 Recall                   Summ/Tloc      N/A          36%         3    ##.....
 Dispersal                Tloc           ####......   73%         6    #######
 Force Lance              Conj/Tloc      ###.....     77%         4    ####...
 Animate Skeleton         Necr           N/A          92%         1    None
 Beastly Appendage        Tmut           #.....       92%         1    None
 Confusing Touch          Hex            #.....       92%         1    None
 Corona                   Hex            #......      92%         1    None
 Flame Tongue             Conj/Fire      #....        92%         1    None
 Infusion                 Chrm           #...         92%         1    None
 Magic Dart               Conj           #...         92%         1    None
 Pain                     Necr           #...         92%         1    None
 Shock                    Conj/Air       #...         92%         1    None
 Sting                    Conj/Pois      #...         92%         1    None
 Summon Butterflies       Summ           #.......     92%         1    None
 Summon Small Mammal      Summ           #...         92%         1    None
 Call Imp                 Summ           #.......     98%         2    #......
 Corpse Rot               Necr           N/A          98%         2    #......
 Ensorcelled Hibernation  Hex/Ice        #.....       98%         2    #......
 Passwall                 Tmut/Erth      #.......     98%         2    #......
 Poisonous Vapours        Pois/Air       #.....       98%         2    #......
 Searing Ray              Conj           #.....       98%         2    #......
 Slow                     Hex            #.......     98%         2    #......
 Song of Slaying          Chrm           #.......     98%         2    #......
 Sticks to Snakes         Tmut           #.......     98%         2    #......
 Sublimation of Blood     Necr           #.........   98%         2    #......
 Swiftness                Chrm/Air       #.......     98%         2    #......
 Throw Flame              Conj/Fire      #.....       98%         2    #......
 Summon Forest            Summ/Tloc      ###.......   98%         5    ######.
 Call Canine Familiar     Summ           #.......     100%        3    ##.....
 Confuse                  Hex            #.......     100%        3    ##.....
 Conjure Flame            Conj/Fire      #.......     100%        3    ##.....
 Dazzling Spray           Conj/Hex       #.....       100%        3    ##.....
 Ignite Poison            Fire/Tmut/Pois #.......     100%        3    ##.....
 Inner Flame              Hex/Fire       #.......     100%        3    ##.....
 Mephitic Cloud           Conj/Pois/Air  #.......     100%        3    ##.....
 Regeneration             Chrm/Necr      #.........   100%        3    ##.....
 Spectral Weapon          Hex/Chrm       #.......     100%        3    ##.....
 Spider Form              Tmut/Pois      #.........   100%        3    ##.....
 Static Discharge         Conj/Air       #.......     100%        3    ##.....
 Stone Arrow              Conj/Erth      #.....       100%        3    ##.....
 Summon Guardian Golem    Hex/Summ       #.......     100%        3    ##.....
 Tukima's Dance           Hex            #.......     100%        3    ##.....
 Vampiric Draining        Necr           #.........   100%        3    ##.....
 Airstrike                Air            #.........   100%        4    ####...
 Animate Dead             Necr           N/A          100%        4    ####...
 Cause Fear               Hex            #.........   100%        4    ####...
 Fulminant Prism          Conj/Hex       #.........   100%        4    ####...
 Ice Form                 Ice/Tmut       #.......     100%        4    ####...
 Iskenderun's Mystic Bla  Conj           #.......     100%        4    ####...
 Leda's Liquefaction      Hex/Erth       #.........   100%        4    ####...
 Olgreb's Toxic Radiance  Pois           #.......     100%        4    ####...
 Petrify                  Tmut/Erth      #.......     100%        4    ####...
 Sticky Flame             Conj/Fire      #.......     100%        4    ####...
 Summon Ice Beast         Ice/Summ       #.......     100%        4    ####...
 Summon Lightning Spire   Summ/Air       #.......     100%        4    ####...
 Throw Icicle             Conj/Ice       #.......     100%        4    ####...
 Alistair's Intoxication  Tmut/Pois      #.......     100%        5    ######.
 Aura of Abjuration       Summ           #.........   100%        5    ######.
 Blade Hands              Tmut           #.........   100%        5    ######.
 Bolt of Draining         Conj/Necr      #.........   100%        5    ######.
 Bolt of Magma            Conj/Fire/Erth #.........   100%        5    ######.
 Borgnjor's Vile Clutch   Necr/Erth      #.........   100%        5    ######.
 Fireball                 Conj/Fire      #.........   100%        5    ######.
 Irradiate                Conj/Tmut      #.........   100%        5    ######.
 Iskenderun's Battlesphe  Conj/Chrm      #.......     100%        5    ######.
 Lee's Rapid Deconstruct  Erth           #.........   100%        5    ######.
 Lightning Bolt           Conj/Air       #.........   100%        5    ######.
 Metabolic Englaciation   Hex/Ice        #.........   100%        5    ######.
 Silence                  Hex/Air        #.........   100%        5    ######.
 Summon Demon             Summ           #.........   100%        5    ######.
 Summon Mana Viper        Hex/Summ       #.......     100%        5    ######.
 Venom Bolt               Conj/Pois      #.........   100%        5    ######.
 Yara's Violent Unravell  Hex/Tmut       #.........   100%        5    ######.
 Bolt of Cold             Conj/Ice       #.........   100%        6    #######
 Bolt of Fire             Conj/Fire      #.........   100%        6    #######
 Conjure Ball Lightning   Conj/Air       #.........   100%        6    #######
 Darkness                 Hex            #.........   100%        6    #######
 Death Channel            Necr           #.........   100%        6    #######
 Deflect Missiles         Chrm/Air       #.........   100%        6    #######
 Freezing Cloud           Conj/Ice/Air   #.........   100%        6    #######
 Hydra Form               Tmut           #.........   100%        6    #######
 Invisibility             Hex            #.......     100%        6    #######
 Iron Shot                Conj/Erth      #.........   100%        6    #######
 Ozocubu's Refrigeration  Ice            #.........   100%        6    #######
 Shadow Creatures         Summ           N/A          100%        6    #######
 Simulacrum               Ice/Necr       #.........   100%        6    #######
 Statue Form              Tmut/Erth      #........    100%        6    #######
 Dragon Form              Tmut           #.........   100%        7    #######
 Malign Gateway           Summ/Tloc      ###.......   100%        7    #######
 Monstrous Menagerie      Summ           #.........   100%        7    #######
 Orb of Destruction       Conj           #.........   100%        7    #######
 Ring of Flames           Chrm/Fire      #.........   100%        7    #######
 Spellforged Servitor     Conj/Summ      #.........   100%        7    #######
 Summon Hydra             Summ           #.........   100%        7    #######
 Controlled Blink         Tloc           N/A          100%        8    #######
 Discord                  Hex            #.........   100%        8    #######
 Disjunction              Tloc           ####......   100%        8    #######
 Ignition                 Fire           #.........   100%        8    #######
 Dragon's Call            Summ           #.........   100%        9    #######
 Fire Storm               Conj/Fire      #.........   100%        9    #######
 Shatter                  Erth           #.........   100%        9    #######


Dungeon Overview and Level Annotations

Branches:
Dungeon (15/15)            Temple (1/1) D:4            Lair (6/6) D:10
 Shoals (4/4) Lair:4        Snake (4/4) Lair:2        Slime (5/5) Lair:5
    Orc (2/2) D:10            Elf (3/3) Orc:2        Vaults (5/5) D:13
  Crypt (3/3) Vaults:2       Tomb (3/3) Crypt:3      Depths (5/5) D:15
   Hell (visited)             Dis (7/7) Hell            Geh (7/7) Hell
    Coc (7/7) Hell            Tar (7/7) Hell            Zot (5/5) Depths:5
  Sewer (visited)          Bailey (visited)           IceCv (visited)

Altars:
Ashenzari
Cheibriados
Dithmenos
Elyvilon
Fedhas
Gozag
Hepliaklqana
Kikubaaqudgha
Makhleb
Nemelex Xobeh
Okawaru
Qazlal
Ru
Sif Muna
Trog
Uskayaw
Vehumet
Wu Jian
Xom
Yredelemnul
Zin
The Shining One
Jiyva
Lugonu

Shops:
D:7 [   Orc:2 (%=[*(}=   Elf:1 !   Elf:2 }   Elf:3 }==   Snake:2 (   Vaults:1 }
Vaults:2 ?   Vaults:4 ?(   Depths:4 %[?   Depths:5 *(?

Portals:
Hell: Lair:6 Depths:1 Depths:2 Depths:3 Depths:4 Depths:5
Abyss: Depths:2 Depths:4
Pandemonium: Depths:3
Ziggurat: Depths:5

Annotations:
Lair:1 exclusion: 3 oklob plants
Lair:2 3 runed translucent doors, Esoasiq's ghost, journeyman DsGl
Lair:4 3 runed translucent doors, Afaug's ghost, journeyman MiFi
Lair:6 1 runed translucent door, zkyp's ghost, journeyman DsAM
Shoals:2 3 runed translucent doors, Nr616's ghost, adept TrMo; mopl's ghost, adept TrAM
Shoals:4 1 runed translucent door, Klosterheim's ghost, adept HaHu
Snake:3 1 runed translucent door, krystol's ghost, adept HOFi
Elf:2 3 runed translucent doors
Dis:3 3 runed doors
Zot:1 2 transporters, Vanaq's ghost, master VSFi
Zot:4 2 transporters, exclusion: obsidian statue


Innate Abilities, Weirdness & Mutations

You are too large for most types of armour.
You have claws for hands.
Your metabolism is lightning-fast.
You like to eat raw meat.
You regenerate.
You are covered in fur. (AC +1)
You have extremely tough skin. (AC +3)
You have very sharp teeth.
You are partially covered in rugged brown scales. (AC +1, +3% HP)
You are clumsy. (Dex -2)
Your body sometimes deteriorates upon taking damage.
You are dopey. (Int -2)


Message History

With a swish of your cloak, you release a cloud of fog.
You feel quite a bit less full.
Unknown command.
Davvyxac gestures.
Davvyxac hits you!!
Throwing (i - inventory. (/) - cycle)
F - 15 throwing nets (quivered)
Press: ? - help, Shift-Dir - straight line, f/p - Davvyxac
Aim: Davvyxac You throw a throwing net.
The throwing net hits Davvyxac.
Davvyxac is caught in the net!
Davvyxac struggles against the net.
Unknown command.
Davvyxac struggles against the net. x2
Davvyxac struggles against the net.
The net rips apart, and Davvyxac comes free!
Davvyxac bursts into living lightning!
The living lightning hits you but does no damage.
Davvyxac blinks!
You see here 25 arrows.
You block Davvyxac's attack.
Davvyxac bursts into living lightning!
The living lightning hits you!!
Davvyxac blinks!
You block Davvyxac's attack. Davvyxac hits you but does no damage.
A demon appears!
Davvyxac bursts into living lightning!
The living lightning hits you!!
The living lightning hits your green death!! x2
Davvyxac blinks! x2
Davvyxac hits your green death!!
Your green death dies!
Okay, then.
Unknown command.
Evoke which item? (* to show all) (? for menu, Esc to quit)
You reach into the bag... ...and things crawl out!
Davvyxac is caught in a web!
The now-empty bag unravels in your hand.
Davvyxac tears the web.
Unknown command.
Unknown command.
You swap places.
Davvyxac hits your tarantella!
Your tarantella closely misses Davvyxac.
Your wolf spider hits Davvyxac but does no damage.
Your wolf spider bites Davvyxac but does no damage.
You swap places.
Davvyxac hits your wolf spider!
Your tarantella barely misses Davvyxac.
Your wolf spider hits Davvyxac!
Your wolf spider bites Davvyxac.
The lich touches your wolf spider but does no damage.
Davvyxac hits your wolf spider but does no damage.
Your jumping spider leaps!
Your wolf spider hits Davvyxac!
Your wolf spider bites Davvyxac but does no damage.
Your wolf spider closely misses the lich.
Your wolf spider barely misses the lich.
A hellion comes into view.
The hellion gives a hideous shriek!
Davvyxac hits your wolf spider!
The lich barely misses your wolf spider.
Your wolf spider hits the lich!
Your wolf spider barely misses the lich.
Your wolf spider hits Davvyxac but does no damage.
Your wolf spider barely misses Davvyxac.
The ice devil closely misses your wolf spider.
Your wolf spider hits Davvyxac but does no damage.
Your wolf spider bites Davvyxac but does no damage.
Your jumping spider leaps!
Davvyxac hits your wolf spider!!
Unknown command.
The hellion gestures at you.
The sphere of damnation explodes!
The damnation engulfs you!
There is an open door here.
Unknown command.
The hellion gestures at you.
The sphere of damnation explodes!
The damnation engulfs you!!
The damnation engulfs the hellion.
The hellion completely resists.
The damnation engulfs your jumping spider!!!
Your jumping spider dies!
Your jumping spider's corpse disappears in a puff of smoke!
Unknown command.
You scratch the hellion.
The hellion is lightly wounded.
You claw the hellion! You bite the hellion.
The hellion is severely wounded.
You block the hellion's attack.
You eviscerate the hellion!!!
You kill the hellion!
Makhleb accepts your kill.
You feel better.
A large abomination comes into view.
With a swish of your cloak, you release a cloud of fog.
You feel somewhat less full.
Unknown command.
Something barely misses your tarantella.
There is a staircase leading out of the dungeon here.
You feel better.
Davvyxac closely misses your wolf spider.
Davvyxac hits your wolf spider!!
Davvyxac bursts into living lightning!
The living lightning hits your wolf spider!!
Your wolf spider dies!
Your wolf spider's corpse disappears in a puff of smoke!
The living lightning misses you.
Davvyxac blinks!
You have escaped!

.#.##.##.4L&s.○&s...........####.
.......Ks#######s#######....#####
....#.##.#######'#######.........
.####.##.##...§§§§....##.##....##
......##4##...§§§§§.X.##.##......
#....4lL4##.§§§§§§§⌠..##.######.#
.........##...§§.§§...##.##.###.#
#s§4§....##.§§§§Xs§...##.....÷...
#.....§§.##....§@§§...#####.....#
..§K§§§..##.....§.§.(.# #.....#
#.§§§...###...........# #.....#
#§§§§§§.# #..⌠.....⌠..# #......
######### #..........)# ##.....
#....# #.....&.....# ##.....
#....## ######'###### #......
#.....# #.####### #.####. #....##
#.......# #......


You could see Davvyxac, a large abomination and a friendly tarantella.

Vanquished Creatures
  Cerebov (Pan)
  Asmodeus (Geh:7)
  the Royal Jelly (Slime:5)
  Ereshkigal (Tar:7)
  Lom Lobon (Pan)
  Gloorx Vloq (Pan)
  Mnoleg (Pan)
  Dispater (Dis:7)
  3 orbs of fire (Zot:5)
  11 ancient liches
  2 juggernauts
  Mara (Depths:1)
  Boris (twice) (Depths:5 Vaults:5)
  8 Killer Klowns
  34 greater mummies
  Margery (Vaults:4)
  7 shard shrikes (Coc:7)
  A curse toe (Zot:1)
  7 caustic shrikes
  9 golden dragons
  Geryon (Hell)
  Nikola (Shoals:1)
  5 bone dragons
  7 pandemonium lords (Pan)
  21 Tzitzimimeh
  14 Brimstone Fiends
  4 doom hounds
  14 tentacled monstrosities
  2 hellephants
  2 electric golems (Zot:5)
  4 iron giants
  11 liches
  17 Ice Fiends
  Rupert (D:14)
  5 titans (Vaults:5)
  18 Hell Sentinels
  25 Orb Guardians (Zot:5)
  2 deep elf blademasters
  16 acid blobs
  A deep elf master archer (Elf:3)
  15 ancient champions
  10 quicksilver dragons
  Murray (Hell)
  19 sphinxes
  5 death cobs
  21 Executioners
  A tentacled starspawn (Abyss:4)
  Frances (D:13)
  6 draconian monks
  4 tengu reavers
  Donald (Snake:4)
  15 shadow dragons
  12 fire giants
  10 storm dragons
  4 blood saints
  4 revenants
  14 frost giants
  15 azure jellies
  6 nagarajas
  An orc warlord (Vaults:4)
  43 balrugs
  10 iron dragons
  19 vault wardens
  9 draconian knights
  6 deep elf sorcerers
  3 draconian shifters
  7 ghost moths
  6 deep elf elementalists
  5 black suns (Pan)
  7 warmongers (Pan)
  17 cacodemons
  8 draconian scorchers
  2 angels
  3 draconian annihilators
  A juggernaut zombie (Hell)
  3 curse skulls
  A spriggan defender (Depths:4)
  3 ghouls (Crypt:2)
  11 stone giants
  49 reapers
  4 draconian stormcallers
  2 ophanim (Abyss:4)
  18 war gargoyles
  13 very ugly things
  An elemental wellspring (Coc:7)
  24 ironheart preservers
  10 bennus
  An entropy weaver (Depths:2)
  9 lorocyprocas
  A caustic shrike skeleton (Depths:2)
  18 vampire knights
  3 deep elf demonologists
  7 green draconians
  16 black draconians
  4 corrupters (Pan)
  7 red draconians
  4 spark wasps
  11 white draconians
  8 deep elf annihilators
  A minotaur (shapeshifter) (Vaults:5)
  10 purple draconians
  11 yellow draconians
  7 green deaths
  6 deep elf death magi
  24 mummy priests
  13 ettins
  11 crystal guardians (Depths:3)
  4 eidola
  5 quicksilver dragon zombies
  7 death oozes (Slime:5)
  19 blizzard demons
  6 merfolk javelineers
  13 merfolk impalers
  11 great orbs of eyes
  10 deep elf high priests
  17 jiangshi
  11 yaktaur captains
  16 fire dragons
  4 monstrous demonspawn
  17 ogre magi
  2 kraken zombies
  6 hydras
  12 naga warriors
  29 vault guards
  6 quicksilver dragon skeletons
  8 rakshasas
  10 anacondas
  8 hell beasts
  A merfolk avatar (Shoals:4)
  24 ice dragons
  A ghost crab (Tar:5)
  A spriggan air mage (Depths:5)
  12 centaur warriors
  A two-headed ogre (shapeshifter) (Vaults:2)
  4 death knights
  4 catoblepae
  4 merfolk aquamancers
  A death yak (Shoals:2)
  47 two-headed ogres
  3 alligator snapping turtles
  4 tengu warriors
  20 dancing weapons
  29 large abominations
  33 hell hogs
  8 vampire magi
  87 death scarabs
  An orc high priest (Orc:2)
  4 deep troll shamans
  7 deep troll earth magi
  12 thrashing horrors
  58 hell knights
  14 naga sharpshooters
  4 shock serpents
  2 spriggan berserkers
  18 deep elf knights
  A spriggan (Depths:1)
  33 soul eaters
  4 titan zombies
  67 sun demons
  3 storm dragon skeletons
  A storm dragon zombie (Tar:5)
  7 titan skeletons
  3 wretched stars
  6 iron golems
  15 sixfirhies
  20 shadow wraiths
  8 anaconda zombies
  129 skeletal warriors
  10 unseen horrors
  4 salamander mystics
  2 ghost moth zombies
  2 death drakes (Tar:5)
  A spatial maelstrom (Abyss:4)
  6 iron trolls (Dis:7)
  A spark wasp zombie (Hell)
  15 flayed ghosts
  4 golden dragon zombies
  A sea snake (shapeshifter) (Vaults:2)
  2 unseen horrors (shapeshifter)
  24 deep trolls
  A deep troll (shapeshifter) (Depths:2)
  18 phantasmal warriors
  8 glowing orange brains
  6 torturous demonspawn
  12 sea snakes
  10 gelid demonspawn
  12 ironbrand convokers
  7 naga ritualists
  3 cherubim
  10 wizards
  18 deep elf archers
  5 infernal demonspawn (Pan)
  37 shadow demons
  3 shadow dragon zombies
  13 harpies
  5 anaconda skeletons
  5 golden dragon skeletons
  An orange crystal statue (Depths:3)
  3 lindwurms (Lair:4)
  A lindwurm (shapeshifter) (Depths:4)
  15 mana vipers
  23 necromancers
  6 stone giant zombies
  18 orc knights
  2 wolf spider zombies
  4 fauns
  2 orc sorcerers
  33 ugly things
  A frost giant zombie (Coc:2)
  A mana viper (shapeshifter) (D:15)
  6 shadow dragon skeletons
  15 manticores
  A wolf spider (Vaults:4)
  9 fire giant zombies
  4 shining eyes (Slime:5)
  2 iron dragon zombies
  3 iron dragon skeletons
  A salamander (shapeshifter) (Vaults:1)
  51 deep elf magi
  16 salamanders
  2 guardian serpents (shapeshifter)
  13 cyclopes
  A worldbinder (Abyss:4)
  A shock serpent zombie (Dis:5)
  4 merfolk sirens
  3 frost giant skeletons
  7 fire giant skeletons
  2 spriggan zombies
  36 black mambas
  3 elephants (Lair:4)
  A stone giant skeleton (Coc:7)
  2 dire elephant zombies
  2 guardian serpents
  32 rust devils
  2 water nymphs (Shoals:4)
  A toenail golem (D:15)
  50 smoke demons
  3 eyes of devastation
  6 ice statues
  32 moths of wrath
  15 vault sentinels
  2 torpor snails
  30 naga magi
  A molten gargoyle (Geh:7)
  5 gargoyles
  20 orange demons
  2 shock serpent skeletons
  3 emperor scorpion zombies
  A dire elephant skeleton (Tar:7)
  29 yaktaurs
  3 kobold demonologists (D:15)
  9 spiny frogs
  14 efreet
  40 freezing wraiths
  43 tormentors
  A catoblepas zombie (Dis:3)
  9 komodo dragons
  A yaktaur (shapeshifter) (D:15)
  14 demonic crawlers
  6 rime drakes
  28 hellions
  A sea snake zombie (Crypt:1)
  A green draconian zombie (Crypt:1)
  A grey draconian skeleton (Crypt:2)
  3 ancient zymes
  66 ice devils
  11 hellwings (Pan)
  2 anaconda simulacra
  A yellow draconian skeleton (Geh:3)
  42 guardian mummies
  A queen bee (Lair:4)
  9 trolls
  9 hydra zombies
  69 red devils
  2 catoblepas skeletons
  A queen bee (shapeshifter) (Depths:1)
  2 harpy zombies
  2 meliai (shapeshifter)
  3 silent spectres
  2 tengu conjurers (Depths:3)
  A white draconian skeleton (Crypt:2)
  7 polar bears
  3 meliai (Lair:4)
  A jumping spider (shapeshifter) (Vaults:3)
  2 hornets
  2 hornets (shapeshifter)
  25 merfolk
  5 wind drakes
  9 hydra skeletons
  3 ice dragon zombies
  4 bog bodies (Crypt:2)
  5 snapping turtles
  12 hippogriffs
  2 slime creatures (shapeshifter)
  17 blink frogs
  4 raiju
  5 fire dragon zombies
  6 dream sheep
  A dream sheep (shapeshifter) (Depths:1)
  8 alligator zombies
  A fire giant simulacrum (Tomb:3)
  A stone giant simulacrum (Vaults:3)
  47 slime creatures
  2 centaur simulacra
  A redback (shapeshifter) (Vaults:1)
  33 water elementals
  5 ettin skeletons
  4 ettin zombies
  23 ynoxinuls
  81 flying skulls
  4 fire dragon skeletons
  23 shadows
  8 ushabtiu
  2 black mamba zombies
  A guardian serpent skeleton (Crypt:2)
  2 wyverns
  4 ice dragon skeletons
  A human (D:8)
  An alligator skeleton (Coc:3)
  24 fire elementals
  7 vampires
  A basilisk (shapeshifter) (Vaults:3)
  35 yaks
  3 hungry ghosts
  A golden eye (Abyss:3)
  A steam dragon (shapeshifter) (Vaults:2)
  26 wraiths
  A human (shapeshifter) (Elf:1)
  15 chaos spawn
  An elf skeleton (Vaults:1)
  6 basilisks
  A steam dragon (D:14)
  Menkaure (D:5)
  2 spatial vortices
  2 merfolk zombies
  50 nagas
  24 neqoxecs
  6 wargs
  69 hell hounds
  21 water moccasins
  Duvessa (D:6)
  A floating eye (Depths:4)
  7 porcupines
  A water moccasin (shapeshifter) (Vaults:1)
  63 orc warriors
  A merfolk skeleton (Coc:1)
  7 phantoms
  6 spiny frog zombies
  9 ice beasts
  5 sky beasts
  A hornet zombie (D:11)
  2 snapping turtle zombies
  7 black bears (Lair:3)
  15 necrophages
  4 eyes of draining
  16 starcursed masses (Abyss:4)
  An alligator simulacrum (Coc:1)
  A black mamba simulacrum (Abyss:3)
  40 ogres
  A swamp dragon zombie (Dis:1)
  16 boggarts
  5 manticore zombies
  4 spiny frog skeletons
  2 human skeletons (Vaults:1)
  10 small abominations
  11 wolves
  12 centaurs
  A manticore skeleton (Coc:7)
  15 crocodiles
  A swamp dragon skeleton (Coc:7)
  A boggart (shapeshifter) (Depths:2)
  5 snapping turtle skeletons
  4 elf zombies
  7 big kobolds
  Blork the orc (D:5)
  27 bullfrogs
  A wyvern zombie (Crypt:1)
  A draconian skeleton (Crypt:1)
  2 spiny frog simulacra
  Dowan (D:6)
  3 earth elementals
  4 scorpions
  A tengu zombie (Hell)
  A troll zombie (Crypt:1)
  A wyvern skeleton (D:13)
  A water moccasin skeleton (D:10)
  36 killer bees
  A spriggan skeleton (Crypt:1)
  66 wights
  4 howler monkeys
  4 electric eels
  3 centaur zombies
  21 crimson imps
  2 quasits
  6 human zombies
  10 hounds
  6 jellies
  20 orc priests
  2 bullfrog skeletons
  30 iron imps
  20 orc wizards
  6 centaur skeletons
  Terence (D:3)
  A gnoll shaman (D:7)
  2 iguanas
  8 hell rats
  12 worker ants
  A naga zombie (Tar:7)
  An ogre zombie (Geh:3)
  2 ogre skeletons (D:9)
  A demigod skeleton (Crypt:1)
  49 mummies
  2 hound zombies
  17 river rats
  13 adders
  19 gnolls
  16 shadow imps
  34 white imps
  5 ufetubi (IceCv)
  An ooze (shapeshifter) (Vaults:5)
  A worm zombie (Crypt:1)
  2 adder skeletons
  An adder zombie (D:9)
  5 worms
  A ball lightning (Pan)
  3 dart slugs
  5 leopard geckos
  125 orcs
  5 ball pythons
  10 bats
  11 giant cockroaches
  19 goblins
  18 hobgoblins
  8 jackals
  31 kobolds
  10 quokkas
  5 frilled lizards
  A frilled lizard zombie (Crypt:2)
  A jackal skeleton (D:6)
  2 kobold skeletons
  A kobold zombie (Geh:2)
  An orc zombie (D:9)
  2 quokka skeletons (D:5)
  20 rats
  A fungus (Lair:5)
  3 plants
  4 tentacles
  2 withered plants (Crypt:3)
4689 creatures vanquished.

Vanquished Creatures (collateral kills)
  Antaeus (Coc:7)
  Mennas (Depths:5)
  Sojobo (Vaults:2)
  Frederick (Vaults:4)
  2 tentacled monstrosities
  A lich (Vaults:5)
  Jorgrun (Snake:2)
  Asterion (Snake:4)
  Polyphemus (Shoals:2)
  A sphinx (Vaults:4)
  2 tengu reavers (Vaults:2)
  2 nagarajas (Snake:4)
  2 frost giants
  An orc warlord (Orc:2)
  A vault warden (Vaults:3)
  Aizul (Vaults:4)
  Louise (D:14)
  2 very ugly things (Vaults:2)
  An entropy weaver (Vaults:4)
  3 merfolk javelineers
  2 ettins
  4 merfolk impalers
  2 fire dragons (Depths:5)
  A great orb of eyes (Vaults:3)
  A deep elf high priest (Depths:2)
  A yaktaur captain (Depths:5)
  A naga warrior (Snake:3)
  4 merfolk avatars
  2 ice dragons
  2 ogre magi
  An alligator snapping turtle (Shoals:4)
  An anaconda (Snake:3)
  A tengu warrior (Depths:3)
  2 satyrs (Shoals:4)
  A death yak (Shoals:2)
  7 two-headed ogres
  A vampire mage (Vaults:2)
  A hell knight (Vaults:4)
  3 skeletal warriors (Vaults:2)
  4 sea snakes
  2 flayed ghosts
  A wizard (Lair:6)
  A harpy (Shoals:2)
  3 fauns (Shoals:4)
  A mana viper (Snake:1)
  2 merfolk sirens
  2 vault sentinels (Vaults:4)
  A black mamba (Snake:2)
  2 rust devils (Dis:7)
  A naga mage (Snake:2)
  2 water nymphs (Shoals:3)
  A yaktaur (Vaults:2)
  A jumping spider (Vaults:4)
  8 merfolk
  A wind drake (shapeshifter) (D:13)
  4 wind drakes
  A hornet (Vaults:3)
  4 snapping turtles
  2 redbacks (Vaults:4)
  2 neqoxecs (Pan)
  5 nagas
  An acid dragon (Vaults:2)
  2 hell hounds (Lair:6)
  4 ogres
  A centaur (Shoals:2)
  An electric eel (Snake:1)
  A worker ant (D:14)
  An adder (D:11)
  A ball lightning (Pan)
  An orc (Orc:2)
  A tentacle (Shoals:4)
130 creatures vanquished.

Vanquished Creatures (others)
  2 eldritch tentacles (Pan)
  A death cob (Zot:2)
  A tengu reaver (Vaults:5)
  2 elemental wellsprings (Coc:7)
  A blood saint (Pan)
  7 stone giants
  2 deep elf annihilators (Elf:3)
  A spark wasp (Depths:2)
  A blizzard demon (IceCv)
  5 yaktaur captains
  A naga warrior (Snake:4)
  A merfolk aquamancer (Shoals:1)
  3 centaur warriors (Depths:2)
  A death scarab (Tomb:2)
  A skeletal warrior (Vaults:2)
  A fire crab (shapeshifter) (Vaults:2)
  A sea snake (Shoals:2)
  A glowing orange brain (Pan)
  A naga ritualist (Snake:4)
  3 deep elf magi
  2 deep elf archers
  A wolf spider zombie (Geh:3)
  2 manticores (Shoals:4)
  A vault sentinel (Vaults:2)
  A hellion (Pan)
  10 yaktaurs
  A tormentor (Dis:2)
  A hellwing (Pan)
  A red devil (Pan)
  3 merfolk
  2 slime creatures (Depths:2)
  3 flying skulls
  A neqoxec (Pan)
  A naga (Snake:1)
  A hell hound (Lair:6)
  3 centaurs
  An ogre (D:13)
  A bullfrog (D:13)
  3 wights (Geh:3)
  A howler monkey (D:14)
  A quasit (Abyss:4)
  An orc priest (Vaults:1)
  2 iron imps (Dis:7)
  2 white imps
  3 ufetubi (IceCv)
  31 ball lightnings
  3 kobolds
  2 blocks of ice (Pan)
  13 fungi
  54 plants
  17 tentacles
  7 withered plants (Crypt:3)
213 creatures vanquished.

Grand Total: 5032 creatures vanquished

Notes
Turn   | Place    | Note
-------+----------+-------------------------------------------
     0 | D:1      | magipi the Troll Hunter began the quest for the Orb.
     0 | D:1      | Reached XP level 1. HP: 19/19 MP: 0/0
   137 | D:1      | Reached skill level 1 in Unarmed Combat
   163 | D:1      | Reached XP level 2. HP: 24/28 MP: 1/1
   578 | D:2      | Reached XP level 3. HP: 35/35 MP: 2/2
   593 | D:2      | Reached skill level 2 in Unarmed Combat
   784 | D:2      | Reached XP level 4. HP: 42/42 MP: 3/3
  1165 | D:3      | Reached skill level 3 in Unarmed Combat
  1400 | D:3      | Reached XP level 5. HP: 50/50 MP: 4/4
  1790 | D:3      | Noticed Terence
  1841 | D:3      | Killed Terence
  1862 | D:3      | Found an opulent altar of Gozag.
  2008 | D:4      | Found a shattered altar of Ashenzari.
  2011 | D:4      | Noticed a phantom
  2038 | D:4      | Reached skill level 4 in Unarmed Combat
  2053 | D:4      | Killed a phantom
  2053 | D:4      | Reached XP level 6. HP: 35/61 MP: 5/5
  2225 | D:4      | Found a glowing drain.
  2229 | Sewer    | Entered a sewer
  2250 | Sewer    | Reached skill level 5 in Throwing
  2257 | Sewer    | Reached skill level 5 in Unarmed Combat
  2257 | Sewer    | Reached XP level 7. HP: 58/67 MP: 6/6
  2382 | Sewer    | Found a glowing silver altar of Zin.
  2463 | D:4      | Found a staircase to the Ecumenical Temple.
  2472 | Temple   | Entered the Ecumenical Temple
  2530 | Temple   | Became a worshipper of Makhleb the Destroyer
  2654 | D:4      | Found a basalt altar of Yredelemnul.
  2658 | D:4      | Found a sacrificial altar of Ru.
  2764 | D:4      | You fall into a shaft and drop 1 floor!
  2764 | D:5      | Entered Level 5 of the Dungeon
  2982 | D:4      | Reached skill level 6 in Unarmed Combat
  3190 | D:4      | Found a snail-covered altar of Cheibriados.
  3192 | D:4      | Found an iron altar of Okawaru.
  3366 | D:5      | Reached XP level 8. HP: 72/78 MP: 7/7
  3479 | D:5      | Noticed Blork the orc
  3482 | D:5      | Killed Blork the orc
  3542 | D:5      | Noticed Menkaure
  3544 | D:5      | Killed Menkaure
  3573 | D:5      | Found a glowing silver altar of Zin.
  3578 | D:5      | Reached * piety under Makhleb
  3751 | D:6      | Reached skill level 7 in Unarmed Combat
  3942 | D:6      | Reached skill level 8 in Unarmed Combat
  3991 | D:6      | Reached skill level 5 in Fighting
  4047 | D:6      | Reached XP level 9. HP: 87/88 MP: 8/8
  4176 | D:6      | Noticed Duvessa
  4176 | D:6      | Noticed Dowan
  4180 | D:6      | Killed Duvessa
  4198 | D:6      | Killed Dowan
  4558 | D:7      | Reached ** piety under Makhleb
  4605 | D:7      | Reached skill level 9 in Unarmed Combat
  4840 | D:7      | Found a sparkling altar of Nemelex Xobeh.
  5231 | D:7      | Found Rekial's Armour Emporium.
  5442 | D:7      | Bought a +2 robe of fire resistance for 212 gold pieces
  5584 | D:8      | Got a wizard robe
  5786 | D:8      | Reached skill level 10 in Unarmed Combat
  5824 | D:8      | Reached XP level 10. HP: 92/98 MP: 9/9
  6215 | D:9      | Found a radiant altar of Vehumet.
  6342 | D:9      | Reached *** piety under Makhleb
  6390 | D:9      | Found an ancient bone altar of Kikubaaqudgha.
  6602 | D:9      | Identified the +2 robe of the Nightingale {rPois rC+
                  | Stlth+} (You found it on level 8 of the Dungeon)
  7242 | D:10     | Entered Level 10 of the Dungeon
  7242 | D:10     | Found a staircase to the Orcish Mines.
  7312 | D:10     | Noticed an unseen horror
  7411 | D:10     | Killed an unseen horror
  7411 | D:10     | Reached skill level 11 in Unarmed Combat
  7602 | D:10     | Found a flagged portal.
  7612 | D:10     | Reached **** piety under Makhleb
  7640 | D:10     | Noticed a two-headed ogre
  7647 | D:10     | Killed a two-headed ogre
  7673 | Bailey   | Entered a bailey
  7753 | Bailey   | Reached XP level 11. HP: 109/109 MP: 10/10
  7838 | Bailey   | Noticed an orc knight
  7875 | Bailey   | Killed an orc knight
  7906 | Bailey   | Noticed an orc knight
  7914 | Bailey   | Killed an orc knight
  8018 | Bailey   | Reached skill level 1 in Invocations
  8114 | Bailey   | Noticed an orc knight
  8134 | Bailey   | Killed an orc knight
  8134 | Bailey   | Reached skill level 12 in Unarmed Combat
  8134 | Bailey   | Reached skill level 1 in Evocations
  8265 | Bailey   | Noticed an orc knight
  8311 | Bailey   | Killed an orc knight
  8505 | Bailey   | Noticed an orc warlord
  8990 | D:10     | Found a staircase to the Lair.
  9229 | D:11     | Noticed a white ugly thing
  9236 | D:11     | Killed a white ugly thing
  9328 | D:11     | Found a glowing silver altar of Zin.
  9480 | D:11     | Reached ***** piety under Makhleb
  9496 | D:11     | Found a portal to a secret trove of treasure.
  9517 | D:11     | Noticed a two-headed ogre
  9529 | D:11     | Killed a two-headed ogre
  9817 | D:11     | Noticed an unseen horror
  9833 | D:11     | Killed an unseen horror
  9876 | D:11     | Noticed a two-headed ogre
  9895 | D:11     | Killed a two-headed ogre
 10097 | Lair:1   | Entered Level 1 of the Lair of Beasts
 10169 | Lair:1   | Reached XP level 12. HP: 118/122 MP: 14/14
 10298 | Lair:1   | Reached skill level 5 in Invocations
 10353 | Lair:1   | Reached XP level 13. HP: 128/128 MP: 15/15
 10354 | Lair:1   | Reached XP level 14. HP: 137/137 MP: 15/18
 10799 | Lair:2   | Found a runed translucent gate.
 10799 | Lair:2   | Found a runed translucent gate.
 10801 | Lair:2   | Found a runed translucent gate.
 10801 | Lair:2   | Noticed Esoasiq's ghost (journeyman DsGl)
 10912 | Lair:2   | Found a staircase to the Snake Pit.
 12495 | Lair:3   | Reached ****** piety under Makhleb
 12522 | Lair:4   | Found a runed translucent gate.
 12522 | Lair:4   | Found a runed translucent gate.
 12522 | Lair:4   | Found a runed translucent gate.
 12532 | Lair:4   | Noticed Afaug's ghost (journeyman MiFi)
 13686 | Lair:4   | Found a staircase to the Shoals.
 14478 | Lair:4   | Reached skill level 10 in Fighting
 14629 | Lair:5   | Found a runed translucent door.
 14630 | Lair:5   | Noticed an azure jelly
 14631 | Lair:5   | Found a viscous altar of Jiyva.
 14633 | Lair:5   | Found a staircase to the Slime Pits.
 14633 | Lair:5   | Noticed an azure jelly
 14634 | Lair:5   | Noticed an azure jelly
 15352 | Lair:6   | Entered Level 6 of the Lair of Beasts
 15450 | Lair:5   | Reached XP level 15. HP: 136/149 MP: 20/20
 16836 | Lair:6   | Found a runed translucent door.
 16840 | Lair:6   | Identified the +6 trident of Recklessness {flame, +Blink
                  | rPois MP-9 Int+6}
 16842 | Lair:6   | Noticed zkyp's ghost (journeyman DsAM)
 17333 | Lair:6   | Found a burning altar of Makhleb.
 17902 | Lair:6   | Found a gateway to Hell.
 18151 | Orc:1    | Entered Level 1 of the Orcish Mines
 18491 | Orc:1    | Reached skill level 10 in Dodging
 18612 | Orc:2    | Entered Level 2 of the Orcish Mines
 18651 | Orc:2    | Found Hogics's Jewellery Emporium.
 18874 | Orc:2    | Found Zubrax's Gadget Emporium.
 18889 | Orc:2    | Bought a wand of disintegration (5) for 99 gold pieces
 18962 | Orc:2    | Found Wokhlim's Food Boutique.
 18962 | Orc:2    | Found Wodek's Jewellery Emporium.
 19156 | Orc:2    | Found Wiuho's Antique Weapon Shop.
 19158 | Orc:2    | Found Qoroz's Armour Shoppe.
 19173 | Orc:2    | Bought the +0 mask of the Dragon {MR+ Slay+3 SInv} for 434
                  | gold pieces
 19173 | Orc:2    | Found the +0 mask of the Dragon {MR+ Slay+3 SInv}
 19186 | Orc:2    | Bought an uncursed ring of resist corrosion for 260 gold
                  | pieces
 19219 | Orc:2    | Found a staircase to the Elven Halls.
 19367 | Orc:2    | Found Cugoog's Antique Weapon Shop.
 19406 | Orc:2    | Found Popior Othry's Assorted Antiques.
 19427 | Orc:2    | Bought a scroll of identify for 62 gold pieces
 19427 | Orc:2    | Bought a scroll labeled SIPAPLYFRA for 31 gold pieces
 19918 | Orc:1    | Noticed an orc warlord
 20009 | Orc:2    | Killed an orc warlord
 20354 | D:7      | Bought a +0 shield for 54 gold pieces
 20695 | D:12     | Reached skill level 1 in Shields
 20883 | Orc:2    | Bought a wand of acid (11) for 330 gold pieces
 20883 | Orc:2    | Bought a wand of acid (4) for 176 gold pieces
 20883 | Orc:2    | Bought a wand of clouds (4) for 264 gold pieces
 21371 | D:13     | Noticed a sphinx
 21377 | D:13     | Killed a sphinx
 21377 | D:13     | Reached skill level 10 in Evocations
 21431 | D:13     | Noticed Frances
 21700 | Orc:2    | Bought the ring of Lucylori {*Slow +Fly rElec MR+ Str+3}
                  | for 491 gold pieces
 21870 | D:13     | Killed Frances
 21870 | D:13     | Reached skill level 10 in Invocations
 22526 | D:13     | Found a gate to the Vaults.
 22845 | D:13     | Found a bloodstained altar of Trog.
 23170 | D:14     | Reached skill level 1 in Armour
 23223 | D:14     | Reached XP level 16. HP: 158/158 MP: 22/22
 23249 | D:14     | Identified the +7 large shield of Springtime {MR+}
 23249 | D:14     | Noticed Louise
 23276 | D:14     | Killed Louise
 23432 | D:14     | Reached skill level 5 in Shields
 23446 | D:14     | Noticed Rupert
 23475 | D:14     | Killed Rupert
 23864 | D:15     | Entered Level 15 of the Dungeon
 24743 | D:15     | Found a staircase to the Depths.
 25258 | Snake:1  | Entered Level 1 of the Snake Pit
 25901 | Snake:1  | Reached skill level 5 in Armour
 26647 | Snake:2  | Found Ososef's Antique Weapon Boutique.
 27106 | Snake:2  | Noticed Jorgrun
 27143 | Snake:2  | Killed Jorgrun
 27143 | Snake:2  | Reached XP level 17. HP: 112/166 MP: 23/23
 27487 | Snake:3  | Reached skill level 10 in Shields
 28107 | Snake:3  | Found a runed translucent door.
 28107 | Snake:3  | Noticed krystol's ghost (adept HOFi)
 28206 | Snake:3  | Identified the Guide on Combat Magic and Calling
 28271 | Snake:4  | Entered Level 4 of the Snake Pit
 28446 | Snake:4  | Noticed Donald
 28468 | Snake:4  | Killed Donald
 28885 | Snake:4  | Found a shimmering blue altar of Sif Muna.
 29962 | Snake:4  | Noticed Asterion
 29971 | Snake:4  | Killed Asterion
 30001 | Snake:4  | Got a serpentine rune of Zot
 30131 | Snake:4  | Reached XP level 18. HP: 117/174 MP: 24/24
 30499 | Shoals:1 | Entered Level 1 of the Shoals
 30750 | Shoals:1 | Noticed Nikola
 30777 | Shoals:1 | Killed Nikola
 31669 | Shoals:2 | Found a runed translucent gate.
 31669 | Shoals:2 | Found a runed translucent gate.
 31669 | Shoals:2 | Found a runed translucent gate.
 31671 | Shoals:2 | Noticed mopl's ghost (adept TrAM)
 31672 | Shoals:2 | Noticed Nr616's ghost (adept TrMo)
 31680 | Shoals:2 | Noticed Polyphemus
 31708 | Shoals:2 | Killed Polyphemus
 32155 | Shoals:3 | Reached skill level 13 in Unarmed Combat
 32311 | Shoals:3 | Found a frozen archway.
 32354 | IceCv    | Entered an ice cave
 33616 | Shoals:4 | Entered Level 4 of the Shoals
 33891 | Shoals:4 | Got a coiled diamond amulet
 33892 | Shoals:4 | Identified the amulet "Xitaal Sego" {RegenMP MR++ Int+2
                  | Stlth-} (You found it on level 4 of the Shoals)
 33923 | Shoals:4 | Found a runed translucent door.
 33923 | Shoals:4 | Found a shimmering altar of Xom.
 33923 | Shoals:4 | Noticed Klosterheim's ghost (adept HaHu)
 34019 | Shoals:4 | Reached skill level 10 in Armour
 34478 | Shoals:4 | Got a barnacled rune of Zot
 34565 | Shoals:4 | Reached XP level 19. HP: 182/182 MP: 25/25
 35119 | Elf:1    | Entered Level 1 of the Elven Halls
 35149 | Elf:1    | Found Wioruug's Distillery.
 35238 | Elf:1    | Bought a potion of invisibility for 160 gold pieces
 35360 | Elf:1    | Reached skill level 14 in Unarmed Combat
 35481 | Elf:1    | Identified the Catalogue of Companions
 35600 | Elf:1    | Found a ruined gateway.
 36042 | Elf:1    | Identified a scroll of acquirement
 36180 | Elf:2    | Reached skill level 15 in Shields
 36232 | Elf:2    | Found Vooj's Gadget Shop.
 36248 | Elf:2    | Bought a wand of iceblast (14) for 306 gold pieces
 36599 | Elf:2    | Reached skill level 15 in Unarmed Combat
 36602 | Elf:2    | Found a runed translucent gate.
 36602 | Elf:2    | Found a runed translucent gate.
 36602 | Elf:2    | Found a runed translucent gate.
 36670 | Elf:3    | Entered Level 3 of the Elven Halls
 36723 | Elf:3    | Found a gateway to a bazaar.
 36940 | Elf:3    | Found Yluacud's Gadget Shop.
 36940 | Elf:3    | Found Jybrov's Jewellery Emporium.
 36942 | Elf:3    | Found Diupoexi's Jewellery Emporium.
 36994 | Elf:3    | Bought a cursed ring of attention for 72 gold pieces
 36998 | Elf:3    | Bought a wand of scattershot (5) for 378 gold pieces
 38241 | Elf:3    | Found Yluacud's Gadget Shop.
 38241 | Elf:3    | Found Jybrov's Jewellery Emporium.
 38242 | Elf:3    | Found Diupoexi's Jewellery Emporium.
 38652 | Elf:3    | Identified the Compendium of Unstable Confrontation
 38690 | Elf:3    | Reached XP level 20. HP: 128/193 MP: 27/27
 38849 | Elf:3    | Found a gateway to a bazaar.
 38856 | Bazaar   | Entered a bazaar
 38884 | Bazaar   | Found Wiawkipp's Magic Scroll Shoppe.
 38884 | Bazaar   | Found Ygeogu Faung's Gadget Emporium.
 38905 | Bazaar   | Found Qinkyn's Weapon Emporium.
 38998 | Bazaar   | Bought a wand of scattershot (4) for 192 gold pieces
 38998 | Bazaar   | Bought a wand of paralysis (9) for 88 gold pieces
 38998 | Bazaar   | Bought a wand of paralysis (4) for 48 gold pieces
 39004 | Bazaar   | Bought a scroll of enchant armour for 90 gold pieces
 39004 | Bazaar   | Bought a scroll of enchant armour for 90 gold pieces
 39004 | Bazaar   | Bought 2 scrolls of teleportation for 72 gold pieces
 39004 | Bazaar   | Bought a scroll of identify for 24 gold pieces
 39004 | Bazaar   | Bought a scroll of teleportation for 36 gold pieces
 39004 | Bazaar   | Bought a scroll of enchant armour for 90 gold pieces
 39004 | Bazaar   | Bought a scroll of teleportation for 36 gold pieces
 39004 | Bazaar   | Bought a scroll of identify for 24 gold pieces
 39004 | Bazaar   | Bought a scroll of enchant armour for 90 gold pieces
 39246 | Elf:3    | Found Yluacud's Gadget Shop.
 39246 | Elf:3    | Found Diupoexi's Jewellery Emporium.
 39248 | Elf:3    | Found Jybrov's Jewellery Emporium.
 39732 | Vaults:1 | Entered Level 1 of the Vaults
 40404 | Vaults:1 | Found Rutim's Gadget Emporium.
 42362 | Vaults:2 | Found Xyqohanose's Magic Scroll Boutique.
 42511 | Vaults:2 | Noticed Sojobo
 42521 | Vaults:2 | Killed Sojobo
 42644 | Vaults:2 | Found a staircase to the Crypt.
 42720 | Vaults:2 | Reached skill level 10 in Throwing
 43115 | Vaults:3 | Reached XP level 21. HP: 194/208 MP: 29/29
 44049 | Vaults:3 | You fall into a shaft and drop 1 floor!
 44610 | Vaults:4 | Noticed Margery
 44626 | Vaults:4 | Killed Margery
 44663 | Vaults:4 | Noticed Frederick
 45245 | Vaults:4 | Killed Frederick
 45334 | Vaults:4 | Noticed Aizul
 45341 | Vaults:4 | Killed Aizul
 45509 | Vaults:4 | Found Laas Nust's Weapon Boutique.
 45740 | Vaults:4 | Found Vadaicocwa's Magic Scroll Shop.
 46248 | Depths:1 | Entered Level 1 of the Depths
 46871 | Depths:1 | Reached XP level 22. HP: 223/223 MP: 30/30
 47055 | Depths:1 | Noticed Mara
 47061 | Depths:1 | Noticed magipi's illusion
 47185 | Depths:1 | Noticed magipi's illusion
 47358 | Depths:1 | Noticed magipi's illusion
 47494 | Depths:1 | Noticed magipi's illusion
 47666 | Depths:1 | Noticed magipi's illusion
 47677 | Depths:1 | Killed Mara
 48143 | Depths:2 | Found a one-way gate to the infinite horrors of the Abyss.
 48258 | Depths:2 | Reached skill level 16 in Unarmed Combat
 48484 | Depths:2 | Noticed a golden dragon
 48531 | Depths:2 | Killed a golden dragon
 49043 | Depths:2 | Noticed a caustic shrike
 49136 | Depths:2 | Killed a caustic shrike
 49210 | Depths:2 | Noticed a golden dragon
 49225 | Depths:2 | Killed a golden dragon
 49691 | Depths:2 | Noticed a caustic shrike
 49695 | Depths:2 | Noticed a juggernaut
 49985 | Depths:2 | Reached skill level 15 in Fighting
 50159 | Depths:2 | Killed a juggernaut
 50159 | Depths:2 | Reached skill level 17 in Unarmed Combat
 50340 | Depths:2 | Killed a caustic shrike
 50347 | Depths:2 | Reached XP level 23. HP: 235/235 MP: 31/31
 51335 | Depths:3 | You fall into a shaft and drop 1 floor!
 51339 | Depths:4 | Found a corrupted altar of Lugonu.
 51626 | Depths:4 | Reached skill level 18 in Unarmed Combat
 51675 | Depths:3 | Paralysed by a floating eye for 2 turns
 52108 | Depths:4 | Found Seeth's Magic Scroll Shop.
 52110 | Depths:4 | Found Jeogyap's Antique Armour Boutique.
 52112 | Depths:4 | Found Juciedgh's Food Shop.
 52324 | Depths:4 | You fall into a shaft and drop 1 floor!
 52324 | Depths:5 | Entered Level 5 of the Depths
 52448 | Depths:5 | Noticed an ancient lich
 52468 | Depths:5 | Killed an ancient lich
 52519 | Depths:5 | Noticed a caustic shrike
 52521 | Depths:5 | Noticed a caustic shrike
 52522 | Depths:5 | Noticed a caustic shrike
 52522 | Depths:5 | Noticed a caustic shrike
 52523 | Depths:5 | Noticed a caustic shrike
 52540 | Depths:5 | Killed a caustic shrike
 52553 | Depths:5 | Killed a caustic shrike
 52560 | Depths:5 | Killed a caustic shrike
 52566 | Depths:5 | Killed a caustic shrike
 52577 | Depths:5 | Killed a caustic shrike
 52637 | Depths:5 | Found Hyeptoc's Magic Scroll Shop.
 52709 | Depths:5 | Reached XP level 24. HP: 207/244 MP: 31/31
 52843 | Depths:5 | Reached skill level 15 in Throwing
 52913 | Depths:5 | Found a flickering gateway to a bazaar.
 52916 | Depths:5 | Noticed Boris
 52926 | Depths:5 | Killed Boris
 52948 | Bazaar   | Entered a bazaar
 52952 | Bazaar   | Found Cott's Jewellery Boutique.
 52970 | Bazaar   | Found Vuclaph's Food Emporium.
 52987 | Bazaar   | Found Gad Paf's Antique Weapon Boutique.
 53004 | Bazaar   | Found Qofacuiss's Antique Weapon Shoppe.
 53026 | Bazaar   | Bought the ring of Phasing {EV+8} for 896 gold pieces
 53026 | Bazaar   | Found the ring of Phasing {EV+8}
 53150 | Depths:5 | Found Jufyor's Assorted Antiques.
 53168 | Depths:5 | Noticed Mennas
 53180 | Depths:5 | Killed Mennas
 53183 | Depths:5 | Found Voad Gure's Antique Weapon Shop.
 53189 | Depths:5 | Found a gateway to a ziggurat.
 53259 | Depths:5 | Identified the Guide on Necromancy
 53674 | Depths:5 | Found a gate to the Realm of Zot.
 55449 | Depths:3 | Found a one-way gate leading to the halls of Pandemonium.
 55856 | Vaults:5 | Entered Level 5 of the Vaults
 56226 | Vaults:5 | Identified the +9 plate armour "Byirgh" {rN+}
 56573 | Vaults:5 | Noticed an ancient lich
 56596 | Vaults:5 | Killed an ancient lich
 56596 | Vaults:5 | Reached skill level 19 in Unarmed Combat
 56610 | Vaults:5 | Reached XP level 25. HP: 252/252 MP: 31/31
 56614 | Vaults:5 | Identified the +8 arbalest of World's End {elec, rPois}
 56892 | Vaults:5 | Reached skill level 20 in Unarmed Combat
 57724 | Vaults:5 | Noticed Boris
 58019 | Vaults:5 | Killed Boris
 58149 | Vaults:5 | Noticed an ancient lich
 58173 | Vaults:5 | Killed an ancient lich
 58175 | Vaults:5 | Identified the +7 hunting sling "Ivyir" {velocity, Fragile
                  | Str-3 Int+10 Dex+2}
 58374 | Vaults:5 | Identified the Papyrus of Freezing Augmentations
 58593 | Vaults:5 | Got a silver rune of Zot
 60253 | Slime:1  | Entered Level 1 of the Pits of Slime
 60475 | Slime:3  | Reached XP level 26. HP: 267/267 MP: 31/31
 60567 | Slime:5  | Entered Level 5 of the Pits of Slime
 60642 | Slime:5  | Found a viscous altar of Jiyva.
 60642 | Slime:5  | Noticed the Royal Jelly
 60679 | Slime:5  | Killed the Royal Jelly
 60726 | Slime:5  | Reached skill level 15 in Armour
 60731 | Slime:5  | Gained mutation: You heal very quickly. [a shining eye]
 60809 | Slime:5  | Got a fine marble ring
 60810 | Slime:5  | Identified the ring "Rilurghuo" {+Blink Dex+3 SInv} (You
                  | found it on level 5 of the Pits of Slime)
 60819 | Slime:5  | Got a slimy rune of Zot
 60846 | Slime:5  | Got a smoking glass ring
 60847 | Slime:5  | Identified the ring "Yduduar" {+Blink rC+ MP+9 Dex+2
                  | Slay-2} (You found it on level 5 of the Pits of Slime)
 60901 | Slime:5  | Identified Ytrigo's Incunabulum of Lucky Arcane Weapons
 61267 | Zot:1    | Entered Level 1 of the Realm of Zot
 61267 | Zot:1    | Found a transporter.
 61267 | Zot:1    | Noticed Vanaq's ghost (master VSFi)
 61271 | Zot:1    | Found a transporter.
 64119 | Zot:3    | Reached XP level 27. HP: 210/282 MP: 31/31
 65242 | Zot:4    | Found a transporter.
 65242 | Zot:4    | Found a transporter.
 65566 | Zot:4    | Found a transporter.
 65566 | Zot:4    | Found a transporter.
 66562 | Crypt:1  | Entered Level 1 of the Crypt
 68484 | Crypt:3  | Entered Level 3 of the Crypt
 69419 | Crypt:3  | Found a staircase to the Tomb.
 70023 | Crypt:3  | Found an ancient bone altar of Kikubaaqudgha.
 70025 | Crypt:3  | Noticed an ancient lich
 70039 | Crypt:3  | Killed an ancient lich
 70074 | Crypt:3  | Found the +8 demon blade "Leech" {vamp, rN+ AC-3 EV-3}
 70090 | Crypt:3  | Noticed an ancient lich
 70102 | Crypt:3  | Killed an ancient lich
 70425 | Vaults:4 | Bought a scroll of teleportation for 36 gold pieces
 70425 | Vaults:4 | Bought a scroll of fog for 24 gold pieces
 70425 | Vaults:4 | Bought a scroll of fear for 42 gold pieces
 70425 | Vaults:4 | Bought a scroll of teleportation for 36 gold pieces
 70425 | Vaults:4 | Bought a scroll of enchant armour for 90 gold pieces
 70425 | Vaults:4 | Bought a scroll of identify for 24 gold pieces
 70425 | Vaults:4 | Bought a scroll of summoning for 114 gold pieces
 70680 | Hell     | Entered the Vestibule of Hell
 70680 | Hell     | Noticed Geryon
 70762 | Hell     | Reached skill level 21 in Unarmed Combat
 70818 | Hell     | Killed Geryon
 70882 | Hell     | Found a gateway to the freezing wastes of Cocytus.
 70955 | Hell     | Found a gateway to the Iron City of Dis.
 70957 | Hell     | Noticed Murray
 70995 | Hell     | Killed Murray
 71394 | Hell     | Found a gateway to the decaying netherworld of Tartarus.
 71844 | Depths:3 | Found a shimmering blue altar of Sif Muna.
 72004 | Depths:3 | Learned a level 1 spell: Apportation
 72007 | Depths:3 | Learned a level 2 spell: Blink
 72116 | Pan      | Entered Pandemonium
 72228 | Pan      | Reached skill level 1 in Translocations
 72488 | Pan      | Reached skill level 1 in Spellcasting
 72602 | Pan      | Noticed Osid the pandemonium lord
 72735 | Pan      | Killed Osid the pandemonium lord
 73166 | Pan      | Noticed Hodut the pandemonium lord
 73213 | Pan      | Killed Hodut the pandemonium lord
 73284 | Pan      | Reached skill level 15 in Dodging
 73350 | Pan      | Gained mutation: You are dopey. (Int -2) [a cacodemon]
 73491 | Pan      | Reached skill level 5 in Translocations
 73508 | Pan      | Found an exit through the horrors of the Abyss.
 73576 | Pan      | Noticed Nimof the pandemonium lord
 73907 | Pan      | Entered the realm of Mnoleg.
 73925 | Pan      | Gained mutation: You are very dopey. (Int -4) [a cacodemon]
 73929 | Pan      | Gained mutation: Your magical capacity is low. (-10% MP) [a
                  | cacodemon]
 73930 | Pan      | Gained mutation: Your magical capacity is very low. (-20%
                  | MP) [a cacodemon]
 73989 | Pan      | Gained mutation: Your spells are a little easier to cast,
                  | but a little less powerful. [a cacodemon]
 73990 | Pan      | Gained mutation: Scrolls take you a little longer to read.
                  | [a cacodemon]
 74058 | Pan      | Noticed Mnoleg
 74119 | Pan      | Killed Mnoleg
 74357 | Pan      | Got a glowing rune of Zot
 74444 | Pan      | Entered the realm of Lom Lobon.
 74534 | Pan      | Lost mutation: You are very dopey. (Int -4) [potion of
                  | mutation]
 74534 | Pan      | Lost mutation: Your magical capacity is very low. (-20% MP)
                  | [potion of mutation]
 74534 | Pan      | Lost mutation: You are dopey. (Int -2) [potion of mutation]
 74534 | Pan      | Gained mutation: Your flesh is heat resistant. (rF+)
                  | [potion of mutation]
 74534 | Pan      | Gained mutation: Your flesh is cold resistant. (rC+)
                  | [potion of mutation]
 74535 | Pan      | Lost mutation: Your spells are a little easier to cast, but
                  | a little less powerful. [potion of mutation]
 74535 | Pan      | Lost mutation: Scrolls take you a little longer to read.
                  | [potion of mutation]
 74535 | Pan      | Lost mutation: Your flesh is cold resistant. (rC+) [potion
                  | of mutation]
 74535 | Pan      | Gained mutation: You regenerate. [potion of mutation]
 74535 | Pan      | Gained mutation: Your flesh is very heat resistant. (rF++)
                  | [potion of mutation]
 74654 | Pan      | Noticed Lom Lobon
 75076 | Pan      | Killed Lom Lobon
 75178 | Pan      | Got a magical rune of Zot
 75282 | Pan      | Identified the +1 hat of the Tick {rN+} (You acquired it in
                  | Pandemonium)
 75436 | Pan      | Noticed Guwna the pandemonium lord
 75462 | Pan      | Killed Guwna the pandemonium lord
 75483 | Pan      | Reached skill level 5 in Spellcasting
 76323 | Pan      | Noticed Fiuliu the pandemonium lord
 76341 | Pan      | Killed Fiuliu the pandemonium lord
 76381 | Pan      | Reached skill level 10 in Translocations
 76410 | Depths:3 | Escaped Pandemonium
 76630 | Elf:1    | Bought a potion of cancellation for 160 gold pieces
 76630 | Elf:1    | Bought a potion of curing for 60 gold pieces
 76630 | Elf:1    | Bought a potion of curing for 60 gold pieces
 76630 | Elf:1    | Bought a potion of magic for 160 gold pieces
 76630 | Elf:1    | Bought a potion of might for 80 gold pieces
 76630 | Elf:1    | Bought a potion of curing for 60 gold pieces
 76731 | D:11     | You paid a toll of 18 potions of curing to enter a treasure
                  | trove
 76732 | Trove    | Entered a treasure trove
 76758 | Trove    | Identified Sif Muna's Handbook of the Entourage and Curses
 76760 | Trove    | Identified Sif Muna's Reference Book on Damaging Sinister
                  | Rites
 76762 | Trove    | Identified Sif Muna's Volume of the Excruciating Entourage
 76771 | Trove    | Got a coiled diamond amulet
 76773 | Trove    | Got a crude amethyst amulet
 76816 | D:11     | Identified the amulet "Kaguw" {Gourm MR++ Str-4 Slay+5}
                  | (You found it in a treasure trove)
 76819 | D:11     | Identified the amulet of Ru's Righteous Fury {Harm *Drain
                  | rPois} (You found it in a treasure trove)
 77006 | Pan      | Entered Pandemonium
 77174 | Pan      | Identified the cursed +0 mace "Fyutelli" {crush, MR+ Str+3
                  | Dex+4 SInv}
 77350 | Pan      | Found a runed translucent door.
 77538 | Pan      | Noticed Tank the pandemonium lord
 77555 | Pan      | Killed Tank the pandemonium lord
 77947 | Pan      | Found an exit through the horrors of the Abyss.
 78089 | Pan      | Gained mutation: Your body sometimes deteriorates upon
                  | taking damage. [a neqoxec]
 78392 | Pan      | Gained mutation: Your body often deteriorates upon taking
                  | damage. [a neqoxec]
 78527 | Pan      | Noticed Puleiff the pandemonium lord
 78540 | Pan      | Killed Puleiff the pandemonium lord
 78576 | Pan      | Entered the realm of Gloorx Vloq.
 78793 | Pan      | Noticed Gloorx Vloq
 80009 | Pan      | Killed Gloorx Vloq
 80100 | Pan      | Got a dark rune of Zot
 80145 | Pan      | Entered the realm of Cerebov.
 80174 | Pan      | Found an exit through the horrors of the Abyss.
 80490 | Pan      | Got a translucent copper ring
 80491 | Pan      | Identified the ring of Sirruafu {AC+4 Str+4} (You found it
                  | in Pandemonium)
 80677 | Pan      | Reached skill level 22 in Unarmed Combat
 80684 | Pan      | Identified the cursed +0 cloak of Lethargy {rPois MR+ Str-2
                  | Dex+6} (You found it in Pandemonium)
 80688 | Pan      | Got a translucent pewter ring
 80689 | Pan      | Identified the ring "Suzad" {rElec rPois Str+5 Slay+1} (You
                  | found it in Pandemonium)
 80808 | Pan      | Identified the Grimoire of Companions
 81178 | Pan      | Identified the +6 sword of Cerebov {flame}
 81178 | Pan      | Noticed Cerebov
 81215 | Pan      | Killed Cerebov
 81389 | Pan      | Got a fiery rune of Zot
 81837 | Pan      | Noticed Yllurar the pandemonium lord
 81875 | Pan      | Killed Yllurar the pandemonium lord
 81959 | Pan      | Got a demonic rune of Zot
 82018 | Depths:3 | Escaped Pandemonium
 82095 | Depths:4 | Voluntarily entered the Abyss.
 82099 | Abyss:1  | Found a corrupted altar of Lugonu.
 82351 | Abyss:2  | Found a corrupted altar of Lugonu.
 82392 | Abyss:2  | Gained mutation: Scrolls take you a little longer to read.
                  | [a neqoxec]
 82417 | Abyss:2  | Lost mutation: Your flesh is very heat resistant. (rF++)
                  | [potion of mutation]
 82417 | Abyss:2  | Lost mutation: Your magical capacity is low. (-10% MP)
                  | [potion of mutation]
 82417 | Abyss:2  | Lost mutation: Scrolls take you a little longer to read.
                  | [potion of mutation]
 82417 | Abyss:2  | Lost mutation: Your flesh is heat resistant. (rF+) [potion
                  | of mutation]
 82417 | Abyss:2  | Gained mutation: You are partially covered in rugged brown
                  | scales. (AC +1, +3% HP) [potion of mutation]
 82417 | Abyss:2  | Gained mutation: You are somewhat resistant to further
                  | mutation. [potion of mutation]
 82469 | Abyss:2  | Found a hide-covered altar of Uskayaw.
 82485 | Abyss:2  | Found a corrupted altar of Lugonu.
 82906 | Abyss:4  | Gained mutation: Scrolls take you a little longer to read.
                  | [a neqoxec]
 82907 | Abyss:4  | Gained mutation: You are clumsy. (Dex -2) [a neqoxec]
 83087 | Abyss:4  | Noticed a juggernaut
 83098 | Abyss:4  | Killed a juggernaut
 83139 | Abyss:4  | Found a glowing golden altar of the Shining One.
 83170 | Abyss:4  | Got an abyssal rune of Zot
 83243 | Depths:4 | Escaped the Abyss
 83254 | Depths:4 | Upgraded the game from 0.25-a0-41-g6cf4ce537d to
                  | 0.25-a0-42-g6c54e25894
 83314 | Tar:1    | Entered Level 1 of Tartarus
 83670 | Tar:1    | Cast into level 2 of the Abyss (skeletal warrior)
 83722 | Tar:1    | Escaped the Abyss
 83852 | Tar:3    | Reached skill level 15 in Evocations
 84404 | Tar:7    | Entered Level 7 of Tartarus
 84672 | Tar:7    | Gained mutation: You are very clumsy. (Dex -4) [mutagenic
                  | glow]
 85543 | Tar:7    | Identified the Tome of Earth
 85552 | Tar:7    | Found the +2 cloak of the Thief {+Fog Slay-2 SInv Stlth+}
 85944 | Tar:7    | Noticed Ereshkigal
 86326 | Tar:7    | Killed Ereshkigal
 86475 | Tar:7    | Got a bone rune of Zot
 86678 | Dis:1    | Entered Level 1 of the Iron City of Dis
 86933 | Dis:1    | You fall into a shaft and drop 1 floor!
 87108 | Dis:2    | You fall into a shaft and drop 2 floors!
 87683 | Dis:7    | Entered Level 7 of the Iron City of Dis
 88131 | Dis:2    | Reached skill level 23 in Unarmed Combat
 88239 | Dis:3    | Found a huge runed gate.
 88240 | Dis:3    | Found a huge runed gate.
 88240 | Dis:3    | Found a huge runed gate.
 89103 | Dis:7    | Reached skill level 24 in Unarmed Combat
 89617 | Dis:7    | Identified the +4 staff of Dispater
 89617 | Dis:7    | Noticed Dispater
 89660 | Dis:7    | Killed Dispater
 89707 | Dis:7    | Got an iron rune of Zot
 90756 | Coc:1    | Entered Level 1 of Cocytus
 90794 | Coc:1    | Reached skill level 25 in Unarmed Combat
 90948 | Coc:2    | You fall into a shaft and drop 1 floor!
 91170 | Coc:7    | Entered Level 7 of Cocytus
 91451 | Coc:7    | Learned a level 4 spell: Passage of Golubria
 91956 | Coc:7    | Noticed Antaeus
 91996 | Coc:7    | Killed Antaeus
 91996 | Coc:7    | Reached skill level 26 in Unarmed Combat
 92025 | Coc:7    | Got an icy rune of Zot
 92275 | Hell     | Found a gateway to the ashen valley of Gehenna.
 92282 | Geh:1    | Entered Level 1 of Gehenna
 93892 | Geh:7    | Entered Level 7 of Gehenna
 93907 | Geh:7    | Reached skill level 10 in Spellcasting
 94298 | Geh:7    | Identified the +7 sceptre of Asmodeus
 94298 | Geh:7    | Noticed Asmodeus
 94310 | Geh:7    | Reached skill level 27 in Unarmed Combat
 94327 | Geh:7    | Killed Asmodeus
 94363 | Geh:7    | Got an obsidian rune of Zot
 94955 | Tomb:1   | Entered Level 1 of the Tomb of the Ancients
 95606 | Tomb:1   | Noticed a greater mummy
 95606 | Tomb:1   | Noticed a greater mummy
 95666 | Tomb:1   | Killed a greater mummy
 95674 | Tomb:1   | Killed a greater mummy
 95674 | Tomb:1   | Noticed a greater mummy
 95680 | Tomb:1   | Killed a greater mummy
 96922 | Tomb:1   | Lost mutation: Scrolls take you a little longer to read.
                  | [potion of mutation]
 96922 | Tomb:1   | Lost mutation: You are very clumsy. (Dex -4) [potion of
                  | mutation]
 96922 | Tomb:1   | Lost mutation: Your body often deteriorates upon taking
                  | damage. [potion of mutation]
 96922 | Tomb:1   | Lost mutation: You are somewhat resistant to further
                  | mutation. [potion of mutation]
 96922 | Tomb:1   | Gained mutation: You have very sharp teeth. [potion of
                  | mutation]
 97034 | Tomb:2   | Noticed a greater mummy
 97040 | Tomb:2   | Killed a greater mummy
 97044 | Tomb:2   | Noticed a greater mummy
 97063 | Tomb:1   | Killed a greater mummy
 97133 | Tomb:2   | Noticed a greater mummy
 97133 | Tomb:2   | Noticed an ancient lich
 97149 | Tomb:2   | Killed an ancient lich
 97155 | Tomb:2   | Killed a greater mummy
 97614 | Tomb:1   | Noticed a greater mummy
 97624 | Tomb:1   | Killed a greater mummy
 97635 | Tomb:1   | Noticed a greater mummy
 97635 | Tomb:1   | Noticed a greater mummy
 97645 | Tomb:1   | Killed a greater mummy
 97680 | Tomb:1   | Killed a greater mummy
 97748 | Tomb:1   | Noticed a greater mummy
 97768 | Tomb:1   | Killed a greater mummy
 97853 | Tomb:1   | Noticed a greater mummy
 97885 | Tomb:1   | Killed a greater mummy
 97897 | Tomb:1   | Noticed a greater mummy
 97927 | Tomb:1   | Killed a greater mummy
 97993 | Tomb:1   | Noticed a greater mummy
 98016 | Tomb:1   | Killed a greater mummy
 98095 | Tomb:1   | Noticed a greater mummy
 98125 | Tomb:1   | Killed a greater mummy
 98144 | Tomb:1   | Noticed a greater mummy
 98169 | Tomb:1   | Killed a greater mummy
 98182 | Tomb:1   | Noticed a greater mummy
 98195 | Tomb:1   | Killed a greater mummy
 98291 | Tomb:1   | Noticed a greater mummy
 98309 | Tomb:1   | Killed a greater mummy
 98359 | Tomb:1   | Noticed a greater mummy
 98384 | Tomb:1   | Killed a greater mummy
 98532 | Tomb:1   | Noticed a greater mummy
 98547 | Tomb:1   | Killed a greater mummy
 98553 | Tomb:1   | Noticed a greater mummy
 98553 | Tomb:1   | Noticed a greater mummy
 98650 | Tomb:1   | Killed a greater mummy
 98780 | Tomb:1   | Noticed a greater mummy
 98795 | Tomb:1   | Killed a greater mummy
 98863 | Tomb:1   | Noticed a greater mummy
 98874 | Tomb:1   | Killed a greater mummy
 98882 | Tomb:1   | Noticed a greater mummy
 98896 | Tomb:1   | Killed a greater mummy
 99080 | Tomb:1   | Noticed a greater mummy
 99093 | Tomb:1   | Killed a greater mummy
 99108 | Tomb:1   | Killed a greater mummy
 99109 | Tomb:1   | Noticed a greater mummy
 99121 | Tomb:1   | Killed a greater mummy
100090 | Tomb:3   | Entered Level 3 of the Tomb of the Ancients
100104 | Tomb:3   | Noticed an ancient lich
100198 | Tomb:3   | Found the +7 Kryia's mail coat {PotionHeal*2 rC+}
100202 | Tomb:3   | Found the ring of Shadows {Umbra +Inv Stlth+}
100258 | Tomb:3   | Noticed a greater mummy
100269 | Tomb:3   | Killed a greater mummy
100293 | Tomb:3   | Noticed a greater mummy
100297 | Tomb:3   | Noticed a greater mummy
100307 | Tomb:3   | Killed a greater mummy
100419 | Tomb:3   | Reached skill level 15 in Invocations
100447 | Tomb:3   | Killed a greater mummy
100590 | Tomb:3   | Got a scorched gossamer ring
100591 | Tomb:3   | Identified the ring "Luruapy" {MR+ rCorr Dex+3 Slay+3
                  | Stlth-} (You found it on level 3 of the Tomb of the
                  | Ancients)
100666 | Tomb:3   | Noticed a greater mummy
100690 | Tomb:3   | Killed a greater mummy
100769 | Tomb:3   | Killed an ancient lich
100999 | Tomb:3   | Noticed a greater mummy
101009 | Tomb:3   | Killed a greater mummy
101027 | Tomb:3   | Noticed a greater mummy
101052 | Tomb:3   | Killed a greater mummy
101460 | Tomb:3   | Noticed a greater mummy
101464 | Tomb:3   | Noticed a greater mummy
101592 | Tomb:3   | Killed a greater mummy
101600 | Tomb:3   | Killed a greater mummy
101787 | Tomb:3   | Got a golden rune of Zot
102405 | Vaults:2 | Bought a scroll of teleportation for 57 gold pieces
102405 | Vaults:2 | Bought a scroll of identify for 38 gold pieces
102405 | Vaults:2 | Bought a scroll of teleportation for 57 gold pieces
102637 | Depths:4 | Bought a scroll of teleportation for 60 gold pieces
102637 | Depths:4 | Bought a scroll of holy word for 150 gold pieces
102783 | Zot:5    | Entered Level 5 of the Realm of Zot
103571 | Zot:5    | Noticed an ancient lich
103617 | Zot:5    | Killed an ancient lich
103809 | Zot:5    | Noticed an orb of fire
103818 | Zot:5    | Killed an orb of fire
104757 | Zot:5    | Noticed an orb of fire
104771 | Zot:5    | Noticed an orb of fire
104772 | Zot:5    | Gained mutation: You are dopey. (Int -2) [an orb of fire]
104774 | Zot:5    | Killed an orb of fire
104780 | Zot:5    | Killed an orb of fire
104804 | Zot:5    | Noticed an ancient lich
104812 | Zot:5    | Killed an ancient lich
104830 | Zot:5    | Noticed an ancient lich
104837 | Zot:5    | Killed an ancient lich
104850 | Zot:5    | Noticed an ancient lich
104852 | Zot:5    | Killed an ancient lich
106201 | Zot:5    | Got the Orb of Zot
106381 | Depths:2 | Noticed Hice the pandemonium lord
106683 | D:3      | Noticed a seraph
106733 | D:1      | Noticed Davvyxac the pandemonium lord
106773 | D:$      | Escaped with the Orb!

Levels and vault maps discovered:
D:1:      psy_arrival_statuary, layout_basic, kennysheep_decorative_pillar,
          kennysheep_flooded_box, lemuel_old_faithful
D:2:      minmay_spotlight, layout_rooms
D:3:      layout_basic, grunt_gozag_statues, first_ration, serial_bayou_lake_a,
          uniq_terence
D:4:      layout_loops_ring, nicolae_overflow_hidden_temple,
          minmay_temple_entry_stoned_glass, gup_sewer_entry_bowl,
          ashenzari_altar_1
D:5:      layout_rooms, nicolae_overflow_crystal_walls, uniq_blork_the_orc,
          uniq_menkaure
D:6:      layout_cave_pools, uniq_duvessa
D:7:      layout_basic, kennysheep_mini_moat, serial_shops, shop_fountains
D:8:      layout_loops_ring, grunt_pizzeria
D:9:      layout_loops_corners, vehumet_crystals, minmay_crystal_room,
          lemuel_mausoleum_altar_kikubaaqudgha
D:10:     layout_big_octagon, erik_lair_island, enter_bailey_8
D:11:     minmay_inner_zag, layout_gridville, enter_trove_2, basic_altar
D:12:     layout_rooms
D:13:     minmay_diamond_stairs, layout_basic, david_vaults_2,
          trog_ov_bears_minmay, uniq_frances
D:14:     nicolae_whirlpool, layout_rooms, uniq_louise, uniq_rupert
D:15:     grunt_enter_depths_magical_seal, layout_irregular_city,
          serial_park_square1 [serial_park_minivault_5x5_8], evilmike_butchery
Temple:   eino_temple_water
Lair:1:   layout_long_grid, minmay_lair_oklob_chamber
Lair:2:   lemuel_ratsnest, layout_loops_ring, minmay_snake_entry_six_corridors,
          gammafunk_ghost_split
Lair:3:   beast_lair_carwin_large_1, layout_regular_city
Lair:4:   regret_index_wax_grids, layout_regular_city,
          minmay_shoals_entry_beasts, gammafunk_ghost_hydra_chop,
          kilobyte_rumbling_trees, infiniplex_staircase_pool_2
Lair:5:   layout_regular_city, slime_altar_2, cheibrodos_lair_caveside_slide,
          pond
Lair:6:   evil_forest, layout_misc_corridors, ebering_ghost_funeral_grove,
          chequers_serial_rivers_small_a, lemuel_fruit_tree
Shoals:1: layout_shoals, uniq_nikola
Shoals:2: layout_shoals, gammafunk_ghost_cemetery, uniq_polyphemus
Shoals:3: layout_shoals, portal_ice_cave_entry_dragon, st_sunken_huts
Shoals:4: shoals_end_grunt_ice, layout_shoals, ebering_ghost_xom
Snake:1:  layout_gridlike, st_stairs_4, serial_bayou_pond_b,
          nicolae_snake_linked_coils, guppyfry_snake_island, grunt_megastairs_5
Snake:2:  layout_honeycomb, serial_shops, shop, uniq_jorgrun
Snake:3:  layout_rooms, ebering_ghost_inner_flame, hangedman_corner_corridor
Snake:4:  snake_pit, layout_gridlike, basic_altar, grunt_megastairs_1,
          uniq_asterion, uniq_donald
Slime:1:  layout_caves
Slime:2:  layout_caves
Slime:3:  layout_caves
Slime:4:  layout_caves
Slime:5
Orc:1:    layout_diamond_mine
Orc:2:    st_orc_rangers, layout_caves, serial_shops, shop, shop, shop, shop,
          nicolae_orc_lava_tube, rock_pile
Elf:1:    layout_geoelf_octagon, serial_shops, nicolae_shop_waterfront,
          portal_desolation_entry_nicolae_slug, minmay_elf_demonology
Elf:2:    layout_geoelf_grid, serial_shops, shop_fountains
Elf:3:    minmay_elf_hall_dome, layout_loops_cross, serial_glass,
          glass_columns_a, glass_columns_b, serial_shops, freezing_bzr,
          minmay_shop_grove
Vaults:1: v_misc_5, vaults_mumra_minichess, nicolae_vaults_twisting_passages,
          st_diamondy, hangedman_vaults_nodes, ontoclasm_vaults_eye,
          nicolae_vaults_back_hallway, hangedman_vaults_stitches, v_misc_19,
          layout_vaults_omnicross, serial_shops, shop
Vaults:2: nicolae_vaults_three_branches, v_misc_13, v_misc_1,
          nicolae_vaults_yaktaur_gun_rack, v_misc_3,
          minmay_crypt_entry_simple_box, dpeg_vaults_monster_box,
          hangedman_vaults_cutoff, nicolae_vaults_specimen_jars,
          nicolae_vaults_c_with_doors, v_misc_24, ontoclasm_vaults_fault,
          layout_vaults_big_room, serial_shops, shop_statue, uniq_sojobo
Vaults:3: v_misc_19, v_misc_23, grunt_vaults_swirl, nicolae_vaults_theta,
          vaults_room_semicircle, v_pattern_1, nicolae_vaults_network_s,
          nicolae_vaults_octagons, ontoclasm_vaults_hangar,
          nicolae_vaults_border_crossing, vaults_room_semicircle,
          vaults_room_grunt_arrival_ludios, nicolae_vaults_network_quinsquares
          [nicolae_vaults_network_quincunx_subvault,
          nicolae_vaults_network_quincunx_subvault,
          nicolae_vaults_network_quincunx_subvault,
          nicolae_vaults_network_quincunx_subvault], ontoclasm_vaults_pinch,
          vaults_dpeg_encased_lava, layout_vaults_maze_snakey
Vaults:4: v_misc_25, grunt_vaults_diagonal, hangedman_vaults_corner_blocks,
          v_misc_10, grunt_vaults_funnel, grunt_vaults_hallway_long,
          vaults_room_semicircle, nicolae_vaults_little_squares_3,
          ontoclasm_vaults_idyll, vaults_room_mumra_shop_pool,
          layout_vaults_omnigrid, serial_shops, nicolae_shop_waterfront,
          uniq_aizul, uniq_margery, uniq_frederick
Vaults:5: serial_shops
Crypt:1:  layout_basic, lemuel_nasty_fountain
Crypt:2:  layout_gridlike, minmay_misc_feat_five, grunt_ministairs_5,
          ebering_dispersal_statue_hall, roderic_lattice_octagonal_star,
          uniq_khufu
Crypt:3:  quadcrypt_mu
Tomb:1
Tomb:2
Tomb:3
Depths:1: layout_forbidden_donut, grunt_mini_vestibule, minmay_door_square,
          drop_trap, minmay_fountain_box, kilobyte_mutagenic_chamber, uniq_mara
Depths:2: hangedman_pleasuredromes, abyss_entry, hell_entry
Depths:3: minmay_crystal_thing, layout_cave_pools, serial_column_ruins,
          column_ruins_hut, column_ruins_hut, column_ruins_columns_straight,
          column_ruins_open_small, column_ruins_columns_corner,
          column_ruins_open_tiny, rand_demon_pan_entry_4, hell_entry
Depths:4: minmay_expanding_squares, layout_basic, minmay_misc_feat_nine_boxes,
          pf_hell_entry_tar_spiral, abyss_entry_flame_altar, minmay_shop_star
Depths:5: evilmike_zot_entry_basic, layout_cave_pools, enter_ziggurat_d,
          serial_shops, bzr_in_the_mist, shop_fountains,
          nicolae_shop_overgrown_old_shop, shop, mu_enter_wizlab_1,
          chequers_big_river, hell_entry, special_room [special_room_morgue],
          uniq_mennas, uniq_boris
Hell
Dis:1:    layout_regular_city
Dis:2:    layout_subdivisions
Dis:3:    layout_regular_city, door_vault
Dis:4:    layout_gridville
Dis:5:    layout_subdivisions
Dis:6:    layout_subdivisions
Dis:7:    dis_grunt_layers
Geh:1:    layout_gehenna_lava_caves
Geh:2:    layout_gehenna_pools_triple
Geh:3:    layout_gehenna_lava_caves
Geh:4:    layout_gehenna_lava_caves
Geh:5:    layout_gehenna_pools_box, lemuel_elevator
Geh:6:    layout_gehenna_pools_triple, nicolae_geh_sunburst
Geh:7:    evilmike_geh
Coc:1:    layout_ice_bergs
Coc:2:    layout_cocytus_water_paths
Coc:3:    layout_cocytus_water_paths
Coc:4:    layout_ice_bergs
Coc:5:    layout_cocytus_water_paths
Coc:6:    layout_ice_bergs
Coc:7:    coc_mu
Tar:1:    layout_cathedral_of_symmetry
Tar:2:    layout_grid_maze
Tar:3:    layout_honeycomb, grunt_megastairs_3
Tar:4:    layout_catacombs
Tar:5:    layout_cathedral_of_symmetry, nicolae_tar_cuneiform_two,
          lemuel_nasty_fountain
Tar:6:    layout_cathedral_of_symmetry, nicolae_tar_fractal_crypt
Tar:7:    tar_mu [tar_mu_maze]
Zot:1:    layout_gridlike, gammafunk_ghost_arena
Zot:2:    nicolae_moth_party, layout_misc_corridors
Zot:3:    layout_gridlike
Zot:4:    gammafunk_sealed_arena, layout_concentric_octagons
Zot:5:    layout_twisted_circle, bh_zot_ikea_curve, st_stairs_10,
          hangedman_zot_decor_checkerboard, grunt_ministairs_9

Skill      XL: |  1  2  3  4  5  6  7  8  9 10 11 12 13 14 15 16 17 18 19 20 21 22 23 24 25 26 27 |
---------------+----------------------------------------------------------------------------------+-----
Unarmed Combat | 1 2 3 4 5 6 8 10 11 12 13 15 17 18 19 20 27 | 27.0
Fighting       | 2 3 4 5 6 7 8 10 12 14 15 16 18 23 | 23.1
Throwing       | 4 5 6 7 8 9 10 12 14 16 19 25 | 25.3
Invocations    | 4 5 7 10 11 12 15 | 15.0
Evocations     | 3 4 7 8 10 12 20 | 20.0
Dodging        | 7 9 10 11 13 16 | 16.0
Shields        | 4 9 12 14 15 | 15.0
Armour         | 1 6 8 10 11 13 14 15 17 | 17.0
Translocations | 14 | 14.0
Spellcasting   | 10 | 10.0
Stealth        | |  0.3

Action                   |  1- 3 |  4- 6 |  7- 9 | 10-12 | 13-15 | 16-18 | 19-21 | 22-24 | 25-27 || total
-------------------------+-------+-------+-------+-------+-------+-------+-------+-------+-------++-------
Melee: Unarmed           |    94 |   211 |   318 |   543 |  1355 |  2068 |  1890 |  1602 | 10390 || 18471
       Punch             |       |     4 |    15 |    17 |    83 |       |       |       |       ||   119
       Bite              |       |       |       |       |       |       |       |       |   197 ||   197
Throw: Large rock        |     1 |    12 |    20 |    19 |    49 |    49 |   169 |   271 |   756 ||  1346
       Javelin           |       |       |    14 |    12 |    52 |       |       |       |       ||    78
       Dart              |       |       |     2 |    20 |       |       |       |       |       ||    22
       Throwing net      |       |       |     1 |       |       |       |       |     7 |    21 ||    29
 Cast: Blink             |       |       |       |       |       |       |       |       |    27 ||    27
       Passage of Golubr |       |       |       |       |       |       |       |       |     9 ||     9
       Apportation       |       |       |       |       |       |       |       |       |     7 ||     7
Invok: Lesser Servant of |       |       |       |     3 |     4 |     2 |    18 |     9 |       ||    36
       Greater Servant o |       |       |       |       |       |    18 |     9 |     5 |    20 ||    52
       Major Destruction |       |       |       |       |       |     1 |       |       |       ||     1
 Abil: Evoke Flight      |       |       |       |       |       |     1 |       |       |     1 ||     2
       Evoke Fog         |       |       |       |       |       |       |       |       |    74 ||    74
Evoke: Wand              |       |       |       |    12 |    10 |    30 |    10 |    28 |    79 ||   169
       Box of beasts     |       |       |       |       |     2 |     1 |       |     1 |     1 ||     5
       Phantom mirror    |       |       |       |       |       |     1 |       |       |       ||     1
       Lamp of fire      |       |       |       |       |       |       |     1 |     1 |     2 ||     4
       Sack of spiders   |       |       |       |       |       |       |       |       |     1 ||     1
  Use: Scroll            |       |     5 |    12 |    10 |    13 |    14 |     2 |     9 |    72 ||   137
       Potion            |       |       |       |     1 |     3 |     2 |       |     5 |    51 ||    62
 Stab: Sleeping          |     2 |     1 |     2 |     6 |     4 |       |       |       |       ||    15
       Distracted        |       |     1 |       |       |     1 |     7 |     9 |     3 |     8 ||    29
       Confused          |       |       |       |       |       |     1 |       |       |       ||     1
       Invisible         |       |       |       |       |       |       |     2 |       |       ||     2
       Paralysed         |       |       |       |       |       |       |       |    12 |    11 ||    23
       Held in net/web   |       |       |       |       |       |       |       |     4 |     4 ||     8
  Eat: Chunk             |    13 |    11 |    36 |    38 |   114 |    96 |   102 |    91 |   208 ||   709
       Ration            |       |       |       |       |     1 |     4 |     2 |     1 |    79 ||    87
Armor: Robe              |    41 |    71 |    81 |   158 |   342 |       |       |       |       ||   693
       Fire dragon scale |       |       |       |       |    11 |   369 |   191 |   226 |   199 ||   996
       Skin              |       |       |       |       |     1 |       |       |       |       ||     1
       Ice dragon scales |       |       |       |       |       |    13 |       |       |       ||    13
       Gold dragon scale |       |       |       |       |       |       |       |       |  1969 ||  1969
Dodge: Dodged            |    39 |   105 |   147 |   234 |   936 |   332 |   236 |   262 |  2256 ||  4547
Block: Shield            |       |       |       |       |    47 |    36 |       |       |       ||    83
       Large shield      |       |       |       |       |       |  2222 |  1775 |  1707 | 11617 || 17321
       Reflection        |       |       |       |       |       |   109 |   142 |   120 |   183 ||   554

Table legend:
 A = Non-vault XP
 B = Vault XP
 C = Vault XP percentage of total XP
 D = Non-vault monster count
 E = Vault monster count
 F = Vault count percentage of total count
                 A         B        C        D         E       F
            +---------+---------+-------+---------+---------+-------
      Total | 1845283 | 1909938 |  50.9 |    3060 |    1765 |  36.6
            +---------+---------+-------+---------+---------+-------
        D:1 |      40 |       0 |   0.0 |      20 |       0 |   0.0
        D:2 |     114 |       9 |   7.3 |      22 |       4 |  15.4
        D:3 |     170 |      36 |  17.5 |      32 |       1 |   3.0
        D:4 |     566 |      24 |   4.1 |      13 |       4 |  23.5
        D:5 |     432 |     260 |  37.6 |      19 |       2 |   9.5
        D:6 |    1288 |     226 |  14.9 |      26 |       2 |   7.1
        D:7 |    1429 |       0 |   0.0 |      30 |       0 |   0.0
        D:8 |     789 |     207 |  20.8 |      10 |       1 |   9.1
        D:9 |    1024 |     966 |  48.5 |      25 |      15 |  37.5
       D:10 |    3605 |     595 |  14.2 |      34 |       6 |  15.0
       D:11 |    4511 |    1753 |  28.0 |      32 |       4 |  11.1
       D:12 |    3034 |     253 |   7.7 |      19 |       1 |   5.0
       D:13 |    2272 |    8453 |  78.8 |      12 |      10 |  45.5
       D:14 |    6058 |    2919 |  32.5 |      17 |       3 |  15.0
       D:15 |   20921 |    4158 |  16.6 |      48 |       9 |  15.8
     Lair:1 |    2044 |    1073 |  34.4 |      11 |       2 |  15.4
     Lair:2 |    1982 |    3561 |  64.2 |      12 |      54 |  81.8
     Lair:3 |    1526 |    1769 |  53.7 |       7 |      10 |  58.8
     Lair:4 |    9601 |   12719 |  57.0 |      35 |      61 |  63.5
     Lair:5 |   11740 |    5972 |  33.7 |      45 |      10 |  18.2
     Lair:6 |    6777 |    8994 |  57.0 |      23 |      26 |  53.1
   Shoals:1 |   10190 |    3950 |  27.9 |      22 |       1 |   4.3
   Shoals:2 |   12419 |    3640 |  22.7 |      27 |       4 |  12.9
   Shoals:3 |   17150 |    6395 |  27.2 |      35 |      12 |  25.5
   Shoals:4 |   11401 |   17852 |  61.0 |      27 |      32 |  54.2
    Snake:1 |   18751 |    3634 |  16.2 |      44 |      11 |  20.0
    Snake:2 |   17368 |    1982 |  10.2 |      34 |       1 |   2.9
    Snake:3 |   20852 |    2988 |  12.5 |      38 |       6 |  13.6
    Snake:4 |    8866 |   41781 |  82.5 |      17 |      59 |  77.6
    Slime:1 |    8219 |       0 |   0.0 |       7 |       0 |   0.0
    Slime:2 |    5645 |       0 |   0.0 |       6 |       0 |   0.0
    Slime:3 |    5287 |       0 |   0.0 |       8 |       0 |   0.0
    Slime:4 |    4106 |       0 |   0.0 |       4 |       0 |   0.0
    Slime:5 |   10053 |   31148 |  75.6 |      14 |      14 |  50.0
      Orc:1 |    1561 |       0 |   0.0 |      32 |       0 |   0.0
      Orc:2 |    5514 |    3613 |  39.6 |      47 |      36 |  43.4
      Elf:1 |   16011 |    4299 |  21.2 |      27 |       6 |  18.2
      Elf:2 |   18553 |    4299 |  18.8 |      32 |       4 |  11.1
      Elf:3 |   21470 |   27370 |  56.0 |      34 |      19 |  35.8
   Vaults:1 |   19314 |   29866 |  60.7 |      55 |      50 |  47.6
   Vaults:2 |   27724 |   30139 |  52.1 |      42 |      45 |  51.7
   Vaults:3 |   24272 |   30230 |  55.5 |      46 |      40 |  46.5
   Vaults:4 |   25318 |   16871 |  40.0 |      51 |      23 |  31.1
   Vaults:5 |   58579 |  173341 |  74.7 |      60 |     107 |  64.1
    Crypt:1 |   24923 |       0 |   0.0 |      38 |       0 |   0.0
    Crypt:2 |   39373 |     987 |   2.4 |      51 |       2 |   3.8
    Crypt:3 |       0 |   71720 | 100.0 |       0 |      81 | 100.0
     Tomb:1 |    7253 |  188775 |  96.3 |      23 |      60 |  72.3
     Tomb:2 |   10847 |   63008 |  85.3 |      30 |      62 |  67.4
     Tomb:3 |   10117 |  124802 |  92.5 |      27 |      92 |  77.3
   Depths:1 |   35365 |   18774 |  34.7 |      48 |      18 |  27.3
   Depths:2 |   23777 |  101365 |  81.0 |      27 |      79 |  74.5
   Depths:3 |   38410 |   16252 |  29.7 |      46 |      17 |  27.0
   Depths:4 |   15187 |   33095 |  68.5 |      21 |      21 |  50.0
   Depths:5 |   56192 |   46868 |  45.5 |      42 |      30 |  41.7
       Hell |   34134 |   32959 |  49.1 |      39 |      48 |  55.2
      Dis:1 |   18055 |       0 |   0.0 |      44 |       0 |   0.0
      Dis:2 |   11357 |       0 |   0.0 |      27 |       0 |   0.0
      Dis:3 |   31799 |       0 |   0.0 |      67 |       0 |   0.0
      Dis:4 |    1169 |       0 |   0.0 |       5 |       0 |   0.0
      Dis:5 |   23093 |       0 |   0.0 |      25 |       0 |   0.0
      Dis:6 |    9334 |       0 |   0.0 |      28 |       0 |   0.0
      Dis:7 |   46996 |   94267 |  66.7 |      63 |      59 |  48.4
      Geh:1 |    1917 |       0 |   0.0 |       9 |       0 |   0.0
      Geh:2 |   15293 |       0 |   0.0 |      27 |       0 |   0.0
      Geh:3 |   76730 |       0 |   0.0 |     170 |       0 |   0.0
      Geh:4 |   27255 |       0 |   0.0 |      30 |       0 |   0.0
      Geh:5 |     421 |       0 |   0.0 |       2 |       0 |   0.0
      Geh:6 |    7991 |       0 |   0.0 |      28 |       0 |   0.0
      Geh:7 |   11877 |   51257 |  81.2 |      15 |      31 |  67.4
      Coc:1 |    6668 |       0 |   0.0 |      18 |       0 |   0.0
      Coc:2 |    7583 |       0 |   0.0 |      17 |       0 |   0.0
      Coc:3 |    3525 |       0 |   0.0 |       8 |       0 |   0.0
      Coc:4 |     249 |       0 |   0.0 |       2 |       0 |   0.0
      Coc:5 |    5461 |       0 |   0.0 |      17 |       0 |   0.0
      Coc:6 |    8619 |       0 |   0.0 |      13 |       0 |   0.0
      Coc:7 |   67265 |   62755 |  48.3 |      76 |      81 |  51.6
      Tar:1 |    7730 |       0 |   0.0 |      19 |       0 |   0.0
      Tar:2 |     927 |       0 |   0.0 |       5 |       0 |   0.0
      Tar:3 |   11012 |       0 |   0.0 |      14 |       0 |   0.0
      Tar:5 |   29007 |       0 |   0.0 |      44 |       0 |   0.0
      Tar:6 |    1594 |    1886 |  54.2 |       5 |       4 |  44.4
      Tar:7 |   90279 |   69528 |  43.5 |      84 |      41 |  32.8
      Zot:1 |   44726 |       0 |   0.0 |      27 |       0 |   0.0
      Zot:2 |   40221 |   13845 |  25.6 |      24 |      12 |  33.3
      Zot:3 |   61920 |       0 |   0.0 |      40 |       0 |   0.0
      Zot:4 |   30375 |       0 |   0.0 |      18 |       0 |   0.0
      Zot:5 |   73144 |  164439 |  69.2 |      43 |      43 |  50.0
    Abyss:1 |    2697 |       0 |   0.0 |       6 |       0 |   0.0
    Abyss:2 |    6052 |       0 |   0.0 |      21 |       0 |   0.0
    Abyss:3 |    9932 |       0 |   0.0 |      13 |       0 |   0.0
    Abyss:4 |   35541 |   16183 |  31.3 |      70 |       9 |  11.4
        Pan |  273345 |  240348 |  46.8 |     343 |     172 |  33.4
      Sewer |       0 |     145 | 100.0 |       0 |      11 | 100.0
     Bailey |       0 |    3903 | 100.0 |       0 |      68 | 100.0
      IceCv |       0 |    5432 | 100.0 |       0 |      29 | 100.0
            +---------+---------+-------+---------+---------+-------

Action                   |  1- 3 |  4- 6 |  7- 9 | 10-12 | 13-15 | 16-18 | 19-21 | 22-24 | 25-27 || total
-------------------------+-------+-------+-------+-------+-------+-------+-------+-------+-------++-------
Melee: Unarmed           |    94 |   211 |   318 |   543 |  1355 |  2068 |  1890 |  1602 | 10390 || 18471
       Punch             |       |     4 |    15 |    17 |    83 |       |       |       |       ||   119
       Bite              |       |       |       |       |       |       |       |       |   197 ||   197
Throw: Large rock        |     1 |    12 |    20 |    19 |    49 |    49 |   169 |   271 |   756 ||  1346
       Javelin           |       |       |    14 |    12 |    52 |       |       |       |       ||    78
       Dart              |       |       |     2 |    20 |       |       |       |       |       ||    22
       Throwing net      |       |       |     1 |       |       |       |       |     7 |    21 ||    29
 Cast: Blink             |       |       |       |       |       |       |       |       |    27 ||    27
       Passage of Golubr |       |       |       |       |       |       |       |       |     9 ||     9
       Apportation       |       |       |       |       |       |       |       |       |     7 ||     7
Invok: Lesser Servant of |       |       |       |     3 |     4 |     2 |    18 |     9 |       ||    36
       Greater Servant o |       |       |       |       |       |    18 |     9 |     5 |    20 ||    52
       Major Destruction |       |       |       |       |       |     1 |       |       |       ||     1
 Abil: Evoke Flight      |       |       |       |       |       |     1 |       |       |     1 ||     2
       Evoke Fog         |       |       |       |       |       |       |       |       |    74 ||    74
Evoke: Wand              |       |       |       |    12 |    10 |    30 |    10 |    28 |    79 ||   169
       Box of beasts     |       |       |       |       |     2 |     1 |       |     1 |     1 ||     5
       Phantom mirror    |       |       |       |       |       |     1 |       |       |       ||     1
       Lamp of fire      |       |       |       |       |       |       |     1 |     1 |     2 ||     4
       Sack of spiders   |       |       |       |       |       |       |       |       |     1 ||     1
  Use: Scroll            |       |     5 |    12 |    10 |    13 |    14 |     2 |     9 |    72 ||   137
       Potion            |       |       |       |     1 |     3 |     2 |       |     5 |    51 ||    62
 Stab: Sleeping          |     2 |     1 |     2 |     6 |     4 |       |       |       |       ||    15
       Distracted        |       |     1 |       |       |     1 |     7 |     9 |     3 |     8 ||    29
       Confused          |       |       |       |       |       |     1 |       |       |       ||     1
       Invisible         |       |       |       |       |       |       |     2 |       |       ||     2
       Paralysed         |       |       |       |       |       |       |       |    12 |    11 ||    23
       Held in net/web   |       |       |       |       |       |       |       |     4 |     4 ||     8
  Eat: Chunk             |    13 |    11 |    36 |    38 |   114 |    96 |   102 |    91 |   208 ||   709
       Ration            |       |       |       |       |     1 |     4 |     2 |     1 |    79 ||    87
Armor: Robe              |    41 |    71 |    81 |   158 |   342 |       |       |       |       ||   693
       Fire dragon scale |       |       |       |       |    11 |   369 |   191 |   226 |   199 ||   996
       Skin              |       |       |       |       |     1 |       |       |       |       ||     1
       Ice dragon scales |       |       |       |       |       |    13 |       |       |       ||    13
       Gold dragon scale |       |       |       |       |       |       |       |       |  1969 ||  1969
Dodge: Dodged            |    39 |   105 |   147 |   234 |   936 |   332 |   236 |   262 |  2256 ||  4547
Block: Shield            |       |       |       |       |    47 |    36 |       |       |       ||    83
       Large shield      |       |       |       |       |       |  2222 |  1775 |  1707 | 11617 || 17321
       Reflection        |       |       |       |       |       |   109 |   142 |   120 |   183 ||   554
